 Dungeon Crawl Stone Soup version 0.31-a0-150-g89dc3ad700 (webtiles) character file.

Game seed: 8762137594615535363

400438 qw the Conqueror (level 22, -1/233 HPs)
             Began as a Minotaur Hunter on June 8, 2023.
             Was an Elder of Okawaru.
             Slain by a tengu reaver
             ... wielding a +4 heavy great sword
              (36 damage)
             ... on level 3 of the Depths.
             The game lasted 00:23:27 (41266 turns).

qw the Conqueror (Minotaur Hunter)                 Turns: 41266, Time: 00:23:27

Health: -1/233     AC: 29    Str: 21    XL:     22   Next: 27%
Magic:  28/29      EV: 50    Int:  6    God:    Okawaru [****..]
Gold:   75         SH:  5    Dex: 41    Spells: 21/21 levels left

rFire   + + .        a - +1 triple crossbow "Spiderslayer" {penet, Str+2, mikee}
rCold   + + +        (shield currently unavailable)
rNeg    . . .        t - +8 ring mail of Kibykk {SInv}
rPois   +            h - +1 hat of Hadjma {Rampage Dex+3}
rElec   +            c - scarf of Pah Amen {rC+ rF+, Drain rPois Will++ Dex+4}
rCorr   +            o - +2 pair of gloves
SInv    +            r - +2 pair of boots
Will    +++..        x - amulet of reflection
Stlth   ++++         v - ring of Detag {Drain rElec rC+ Dex+6}
HPRegen 0.58/turn    E - +6 ring of dexterity
MPRegen 0.21/turn

%: reflection, rampage
@: about to teleport, resistant, heroic, constricted
A: horns 2, retaliatory headbutt, hooves 1, iridescent scales 1, wild magic 1,
sturdy frame 1
}: 2/15 runes: serpentine, barnacled
a: Renounce Religion, Heroism, Finesse


You were on level 3 of the Depths.
You worshipped Okawaru.
Okawaru was greatly pleased with you.
You visited 8 branches of the dungeon, and saw 39 of its levels.

You collected 3935 gold pieces.
You spent 3860 gold pieces at shops.


Innate Abilities, Weirdness & Mutations

You have a pair of horns on your head.
You reflexively headbutt those who attack you in melee.
You have large cloven feet.
You are partially covered in iridescent scales. (AC +2)
Your spells are a little harder to cast, but a little more powerful.
Your movements are slightly less encumbered by armour. (ER -2)


   Skills:
 O Level 27 Fighting
 - Level 22.0(27) Ranged Weapons
 + Level 18.3(23.3) Armour
 - Level 22.0(27) Dodging
 - Level 0.7(5.7) Stealth
 - Level 11.1 Invocations


You had 21 spell levels left.
You didn't know any spells.
Your spell library was empty.

Inventory:

Hand Weapons
 a - the +1 triple crossbow "Spiderslayer" (weapon) {penet, Str+2, mikee}
   (Okawaru gifted it to you on level 2 of the Shoals)

   Str:       It affects your strength (+2).
Armour
 b - a +2 robe of resistance
 c - the scarf of Pah Amen (worn) {rC+ rF+, Drain rPois Will++ Dex+4}
   (Okawaru gifted it to you on level 1 of the Vaults)

   Dex:       It affects your dexterity (+4).
   rPois:     It protects you from poison.
   Drain:     It drains your maximum health when unequipped.
   Will:      It greatly increases your willpower.
 h - the +1 hat of Hadjma (worn) {Rampage Dex+3}
   (Okawaru gifted it to you on level 4 of the Vaults)

   Dex:       It affects your dexterity (+3).
   Rampage:   It bestows one free step when moving towards enemies.
 o - a +2 pair of gloves (worn)
 r - a +2 pair of boots (worn)
 t - the +8 ring mail of Kibykk (worn) {SInv}
   (You found it on level 9 of the Dungeon)

   SInv:      It lets you see invisible.
 u - the +1 cloak of the Forging Gods {rPois Regen+ Str+7 Dex-2}
   (Okawaru gifted it to you on level 14 of the Dungeon)

   Str:       It affects your strength (+7).
   Dex:       It affects your dexterity (-2).
   rPois:     It protects you from poison.
   Regen:     It increases your rate of health regeneration.
Jewellery
 n - the ring "Raomi" {rN+ Will+++ Int-2 Dex+3 SInv}
   (You bought it in a shop on level 4 of the Depths)

   [ring of see invisible]

   Int:       It affects your intelligence (-2).
   Dex:       It affects your dexterity (+3).
   rN:        It protects you from negative energy.
   SInv:      It lets you see invisible.
   Will:      It greatly increases your willpower.
 v - the ring of Detag (left hand) {Drain rElec rC+ Dex+6}
   (You found it on level 5 of the Lair of Beasts)

   [ring of dexterity]

   Dex:       It affects your dexterity (+6).
   rC:        It protects you from cold.
   rElec:     It insulates you from electricity.
   Drain:     It drains your maximum health when unequipped.
 x - an amulet of reflection (around neck)
 E - a +6 ring of dexterity (right hand)
Wands
 i - a wand of digging (24)
Scrolls
 l - 14 scrolls of identify
 q - 5 scrolls of enchant armour
 s - 4 scrolls of teleportation
 C - a scroll of enchant weapon
Potions
 e - a potion of cancellation
 f - 3 potions of magic
 g - 10 potions of might
 j - 8 potions of mutation
 k - 10 potions of curing
 m - 8 potions of haste

Dungeon Overview and Level Annotations

Branches:
Dungeon (15/15)            Temple (1/1) D:6            Lair (5/5) D:9
 Shoals (4/4) Lair:3        Snake (4/4) Lair:3        Slime (0/5) Lair:5
    Orc (2/2) D:12            Elf (0/3) Orc:2        Vaults (4/5) D:14
  Crypt (0/3) Vaults:2     Depths (4/4) D:15
    Zot: Depths:4

Altars:
Ashenzari
Cheibriados
Dithmenos
Elyvilon
Fedhas
Gozag
Hepliaklqana
Kikubaaqudgha
Makhleb
Nemelex Xobeh
Okawaru
Qazlal
Ru
Sif Muna
Trog
Uskayaw
Vehumet
Wu Jian
Xom
Yredelemnul
Zin
The Shining One

Shops:
D:3 *!:=   D:4 *   D:6 [   D:8 [   Orc:2 *(?*(   Shoals:2 *   Shoals:4 *
Depths:2 [   Depths:4 ***=

Portals:
Hell: Depths:1 Depths:2 Depths:4
Abyss: Depths:2 Depths:3
Pandemonium: Depths:2
Ziggurat: Depths:1
Trove: Depths:1 (give +4 demon trident)

Annotations:
D:4 2 transporters, 3 runed translucent doors, qw's ghost, amateur GrFi
Shoals:3 2 transporters, qw's ghost, adept GrFi
Snake:1 1 runed translucent door, vinnietd's ghost, adept HaFi
Depths:1 1 runed translucent door, WeeknightWizard's ghost, veteran DEFE
Depths:3 Sojobo


Message History

You shoot a bolt.
The bolt pierces through the tentacled monstrosity!!!
The tentacled monstrosity is heavily wounded.
The bolt pierces through the living spell!!
You destroy the living spell!
The bolt barely misses the tengu warrior.
You hear a shout! x2
The vampire knight casts a spell.
The vampire knight seems to speed up.
You block the stone giant's attack. The fire giant closely misses you.
You furiously retaliate!
You headbutt the fire giant!
The walking crystal tome completely misses you.
Sojobo mumbles some strange words.
A flayed ghost comes into view.
The tentacled monstrosity completely misses you.
You furiously retaliate!
You headbutt the tentacled monstrosity! The tentacled monstrosity misses you.
You block the tentacled monstrosity's attack.
The tentacled monstrosity constricts you.
The storm dragon completely misses you. x2
The storm dragon tramples you but does no damage.
You shoot a bolt.
The bolt barely misses the tentacled monstrosity.
The bolt pierces through the tengu warrior!!!
You kill the tengu warrior!
Okawaru accepts your kill.
The bolt pierces through the ice dragon.
The ice dragon is lightly wounded.
The air elemental disappears in a puff of smoke!
The vampire knight completely misses you.
You furiously retaliate!
You headbutt the vampire knight.
The vampire knight completely misses you.
The stone giant completely misses you. The fire giant completely misses you.
Sojobo closely misses you. You furiously retaliate!
You headbutt Sojobo. Sojobo completely misses you.
Sojobo claws you but does no damage. The storm dragon completely misses you.
You furiously retaliate!
You headbutt the storm dragon! You block the storm dragon's attack.
The storm dragon completely misses you.
The tengu reaver hits you with a +4 heavy great sword!!!
You die...

...............# ...
..........#....#y).W#
.>........#DXTl.T# .##
..........##)VQ\.##..###
.............#.# .......
.....##.....##T##.......
......#......VT#**).....
..............Q;QCE.....
.............D)X@DE...#
.............**CQVE^....
.............#####......
.............# ......
.............. #....
...###....#... ..##
....#. .# ........ #
........


You could see Sojobo (repels missiles), a tentacled monstrosity, a storm dragon,
a walking crystal tome, a fire giant, an ice dragon, a stone giant, a tengu
reaver, a vampire knight (fast), a flayed ghost, a tengu warrior, a vampire mage
(invisible), a deep troll earth mage (fast), a deep troll shaman, 3 air
elementals and 4 living crystal spells.

Vanquished Creatures
  Vv (Depths:3)
  A caustic shrike (Depths:2)
  Margery (Vaults:3)
  2 bone dragons (Depths:4)
  2 doom hounds (Depths:2)
  A tentacled monstrosity (Depths:3)
  Jorgrun (D:12)
  2 liches (Depths:3)
  Grunn (Depths:2)
  A titan (Depths:2)
  Asterion (Snake:2)
  4 sphinxes
  2 shadow dragons (Depths:3)
  Agnes (D:14)
  2 tengu reavers (Depths:3)
  Donald (Orc:2)
  10 nagarajas (Snake:4)
  3 fire giants
  7 frost giants
  Aizul (Vaults:3)
  Ilsuiw (Shoals:3)
  10 vault wardens
  An iron dragon (Depths:3)
  A curse skull (Vaults:2)
  25 ironbound preservers
  A draconian stormcaller (Depths:4)
  11 stone giants
  11 ironbound thunderhulks
  2 orc warlords
  2 formless jellyfish
  A ghoul (Vaults:2)
  11 very ugly things
  A black draconian (Depths:4)
  12 dire elephants
  A green draconian (Depths:4)
  A deep elf annihilator (Vaults:1)
  A purple draconian (Depths:4)
  An eidolon (Vaults:2)
  6 spark wasps
  8 fire dragons
  A blizzard demon (Depths:2)
  6 merfolk javelineers
  6 ettins
  A deep elf high priest (Vaults:2)
  16 merfolk impalers
  An entropy weaver (Vaults:2)
  7 yaktaur captains
  A vault guard (Vaults:1)
  3 great orbs of eyes
  Harold (D:9)
  6 hydras
  A salamander tyrant (Snake:4)
  3 catoblepae
  14 ice dragons
  2 rakshasas
  12 centaur warriors
  4 spriggan air magi
  Erica (D:8)
  8 anacondas
  An alligator snapping turtle (Shoals:4)
  2 merfolk avatars
  A peacekeeper (Vaults:3)
  9 ironbound frosthearts
  6 tengu warriors
  7 merfolk aquamancers
  8 boulder beetles
  14 deep troll earth magi
  2 satyrs (Shoals:3)
  3 orc high priests (Orc:2)
  12 naga warriors
  2 vampire magi
  6 spriggan berserkers
  11 deep troll shamans
  13 naga sharpshooters
  5 shock serpents
  Urug (Lair:4)
  17 hell knights
  Nergalle (Lair:3)
  10 iron trolls
  A salamander mystic (Snake:4)
  5 skysharks
  15 sea snakes
  A flayed ghost (Depths:2)
  A spark wasp zombie (Depths:1)
  79 deep trolls
  3 glowing orange brains
  A phantasmal warrior (Vaults:1)
  3 naga ritualists (Snake:4)
  6 wizards
  5 necromancers
  22 ironbound convokers
  5 orc knights
  A harpy (shapeshifter) (D:15)
  8 lindwurms
  A stone giant zombie (Depths:1)
  29 harpies
  2 mana vipers
  51 ugly things
  4 deep elf pyromancers
  9 fauns
  18 cyclopes
  A deep elf zephyrmancer (D:15)
  11 salamanders
  4 orc sorcerers
  A centaur zombie (D:15)
  4 elephants
  9 guardian serpents
  17 manticores
  9 merfolk sirens
  17 naga magi
  5 cane toads
  A water nymph (Shoals:4)
  19 vault sentinels
  17 black mambas
  3 gargoyles
  A cane toad (shapeshifter) (Vaults:1)
  2 ice statues (Depths:2)
  An efreet (D:14)
  An orange demon (Depths:2)
  2 rime drakes (Lair:5)
  6 komodo dragons
  5 freezing wraiths
  3 unseen horrors
  A tormentor (Depths:2)
  37 yaktaurs
  3 tengu conjurers
  5 wind drakes
  8 trolls
  3 polar bears
  32 merfolk
  A hornet (Depths:4)
  10 snapping turtles
  A spriggan zombie (Depths:1)
  19 dream sheep
  33 blink frogs
  45 slime creatures
  A shadow (D:10)
  2 centaur simulacra
  A vampire (D:12)
  A spriggan (Depths:4)
  A wraith (Vaults:2)
  24 yaks
  A culicivora (shapeshifter) (D:12)
  21 water elementals
  2 basilisks
  7 wyverns
  A chaos spawn (Depths:2)
  2 ynoxinuls (Depths:2)
  8 steam dragons
  7 vampire mosquitoes
  3 redbacks (Vaults:2)
  4 wargs
  2 acid dragons
  71 nagas
  A floating eye (Depths:2)
  10 water moccasins
  17 orc warriors
  An ice beast (D:7)
  An ogre (Orc:1)
  3 black bears
  5 boggarts (Vaults:2)
  15 wolves
  5 centaurs
  2 kobold brigands
  8 bullfrogs
  6 necrophages (Lair:3)
  3 scorpions
  A hornet simulacrum (D:15)
  16 wights
  10 killer bees
  5 electric eels
  10 howler monkeys
  3 hounds
  2 gnoll boudas
  2 sleepcaps
  17 orc priests
  A jelly (D:6)
  4 hell rats (Lair:5)
  6 iguanas
  25 orc wizards
  8 gnolls
  8 adders
  A shadow imp (D:5)
  3 white imps
  2 ufetubi
  2 worms (D:2)
  2 dart slugs
  59 orcs
  7 bats
  7 endoplasms
  6 giant cockroaches
  8 goblins
  6 hobgoblins
  9 jackals
  18 kobolds
  5 quokkas
  6 ball pythons
  A frilled lizard (D:2)
  5 rats
1486 creatures vanquished.

Vanquished Creatures (others)
  4 sea snakes (Snake:4)
  A harpy (Shoals:3)
  A basilisk (D:14)
  An orc priest (Orc:1)
  An orc wizard (Orc:1)
  A gnoll (D:8)
9 creatures vanquished.

Grand Total: 1495 creatures vanquished

Notes
Turn   | Place    | Note
-------+----------+-------------------------------------------
     0 | D:1      | qw the Minotaur Hunter began the quest for the Orb.
     0 | D:1      | Reached XP level 1. HP: 18/18 MP: 0/0
     0 | D:1      | 0 ||| qw: Version: 0.2-a-119-g7aa9181
     0 | D:1      | 0 ||| qw: Game counter: 2911
     0 | D:1      | 0 ||| qw: Always use a shield: true
     0 | D:1      | 0 ||| qw: God list: Okawaru
     0 | D:1      | 0 ||| qw: Allow faded altars: false
     0 | D:1      | 0 ||| qw: Do Orc after D:15 true
     0 | D:1      | 0 ||| qw: Do second Lair branch before Depths: true
     0 | D:1      | 0 ||| qw: Lair rune preference: random
     0 | D:1      | 0 ||| qw: Plans: Normal
     0 | D:1      | 0 ||| PLANNING D:1-11
    65 | D:1      | Reached XP level 2. HP: 25/25 MP: 1/1
   309 | D:1      | Reached skill level 3 in Fighting
   491 | D:1      | Reached XP level 3. HP: 27/31 MP: 2/2
   738 | D:1      | 738 ||| READING scroll labelled GEYDUPN OCSOKH.
   739 | D:1      | 739 ||| DROPPING scroll of butterflies.
   741 | D:1      | 741 ||| Stepping ~*~*~tactically~*~*~ (cloud).
   864 | D:2      | Found a broken altar of Ashenzari.
  1259 | D:2      | Reached skill level 6 in Ranged Weapons
  1259 | D:2      | Reached XP level 4. HP: 36/38 MP: 3/3
  1398 | D:2      | 1398 ||| READING scroll labelled PUBUAM GIQU.
  1399 | D:2      | 1399 ||| DRINKING 3 cyan potions.
  1504 | D:2      | 1504 ||| DRINKING 2 white potions.
  1505 | D:2      | 1505 ||| DROPPING 2 potions of berserk rage.
  1563 | D:3      | Found Qoruef's Book Shop.
  1616 | D:3      | Found Jattafea's Jewellery Boutique.
  1631 | D:3      | 1631 ||| SHOPLISTING +5 ring of evasion (360 gold, have
                  | 112).
  1631 | D:3      | 1631 ||| SHOPLISTING amulet of regeneration (300 gold, have
                  | 112).
  1631 | D:3      | 1631 ||| SHOPLISTING amulet of the acrobat (300 gold, have
                  | 112).
  1631 | D:3      | 1631 ||| SHOPLISTING ring of fire (250 gold, have 112).
  1631 | D:3      | 1631 ||| SHOPLISTING ring of ice (250 gold, have 112).
  1631 | D:3      | 1631 ||| SHOPLISTING ring of protection from cold (250
                  | gold, have 112).
  1642 | D:3      | Reached skill level 4 in Fighting
  1711 | D:3      | Found Fijeosmo's Distillery.
  1789 | D:3      | 1789 ||| BUYING potion of curing (42 gold).
  1789 | D:3      | Bought a potion of curing for 42 gold pieces
  1789 | D:3      | 1789 ||| SHOPLISTING potion of haste (140 gold, have 70).
  1789 | D:3      | 1789 ||| BUYING potion of heal wounds (70 gold).
  1789 | D:3      | Bought a potion of heal wounds for 70 gold pieces
  1789 | D:3      | 1789 ||| SHOPLISTING potion of might (56 gold, have 0).
  1789 | D:3      | 1789 ||| SHOPLISTING potion of mutation (112 gold, have 0).
  1895 | D:3      | Found Numpaa's Assorted Antiques.
  1901 | D:3      | 1901 ||| SHOPLISTING scroll labelled OBRUNI FOMOIGG (18
                  | gold, have 11).
  1901 | D:3      | 1901 ||| SHOPLISTING shiny tourmaline ring (90 gold, have
                  | 11).
  2201 | D:3      | 2201 ||| UPGRADING to +0 ring mail.
  2211 | D:3      | 2211 ||| DROPPING +0 leather armour.
  2212 | D:3      | 2212 ||| READING scroll labelled WORRUUS RAZO.
  2213 | D:3      | 2213 ||| READING scroll labelled XUITOMUSA.
  2214 | D:3      | 2214 ||| READING scroll labelled VAIRAWNO TIRIY.
  2256 | D:4      | Reached XP level 5. HP: 45/46 MP: 4/4
  2263 | D:4      | Found a transporter.
  2267 | D:4      | Noticed a kobold demonologist
  2350 | D:4      | Reached skill level 1 in Armour
  2350 | D:4      | 2350 ||| FLEEEEING.
  2352 | D:4      | 2352 ||| FLEEEEING.
  2353 | D:4      | 2353 ||| FLEEEEING.
  2354 | D:4      | 2354 ||| FLEEEEING.
  2355 | D:4      | 2355 ||| FLEEEEING.
  2356 | D:4      | 2356 ||| FLEEEEING.
  2357 | D:4      | 2357 ||| FLEEEEING.
  2358 | D:4      | 2358 ||| FLEEEEING.
  2359 | D:4      | 2359 ||| FLEEEEING.
  2360 | D:4      | 2360 ||| FLEEEEING.
  2361 | D:4      | 2361 ||| FLEEEEING.
  2362 | D:4      | 2362 ||| FLEEEEING.
  2363 | D:4      | 2363 ||| FLEEEEING.
  2364 | D:4      | 2364 ||| FLEEEEING.
  2365 | D:4      | 2365 ||| FLEEEEING.
  2368 | D:4      | 2368 ||| FLEEEEING.
  2370 | D:4      | 2370 ||| STAIRDANCE
  2434 | D:4      | Noticed a water moccasin
  2442 | D:4      | Killed a water moccasin
  2443 | D:4      | Reached XP level 6. HP: 20/52 MP: 5/5
  2797 | D:4      | Found a runed translucent gate.
  2797 | D:4      | Found a runed translucent gate.
  2798 | D:4      | Found a runed translucent gate.
  2800 | D:4      | Noticed qw's ghost (amateur GrFi)
  2903 | D:4      | Found a transporter.
  2904 | D:4      | Found Ineun's CLEARANCE SALE!.
  3065 | D:4      | 3065 ||| READING scroll labelled YSI BURUOR.
  3066 | D:4      | 3066 ||| READING scroll labelled IRCHAB ASYMUL.
  3066 | D:4      | Identified a scroll of acquirement
  3066 | D:4      | 3066 ||| ACQUIRING +4 shortbow of the Iron City of Dis
                  | {flame, rC+}
  3066 | D:4      | Acquired the +4 shortbow of the Iron City of Dis {flame,
                  | rC+}
  3068 | D:4      | 3068 ||| SWAPPING to +4 shortbow of the Iron City of Dis
                  | {flame, rC+}.
  3069 | D:4      | 3069 ||| DROPPING +1 shortbow.
  3070 | D:4      | 3070 ||| DRINKING 2 ruby potions.
  3103 | D:4      | 3103 ||| DROPPING potion of lignification.
  3135 | D:5      | Entered Level 5 of the Dungeon
  3203 | D:5      | Found an opulent altar of Gozag.
  3369 | D:5      | Noticed a water moccasin
  3376 | D:5      | Killed a water moccasin
  3377 | D:5      | Reached skill level 5 in Fighting
  3377 | D:5      | Reached XP level 7. HP: 24/61 MP: 6/6
  3382 | D:5      | HP: 15/61 [poisoned by a water moccasin]
  3892 | D:5      | Reached skill level 9 in Ranged Weapons
  4176 | D:5      | 4176 ||| UPGRADING to +0 pair of boots.
  4181 | D:5      | 4181 ||| READING scroll of enchant armour.
  4181 | D:5      | 4181 ||| ENCHANTING +0 pair of boots.
  4182 | D:5      | 4182 ||| DROPPING ring of flight.
  4183 | D:5      | 4183 ||| READING scroll labelled SIPHO GAJ KIU.
  4219 | D:6      | 4219 ||| Stepping ~*~*~tactically~*~*~ (outnumbered).
  4225 | D:6      | 4225 ||| Stepping ~*~*~tactically~*~*~ (outnumbered).
  4228 | D:6      | Reached skill level 3 in Armour
  4300 | D:6      | Found a staircase to the Ecumenical Temple.
  4301 | D:6      | 4301 ||| PLANNING TEMPLE
  4309 | Temple   | Entered the Ecumenical Temple
  4309 | Temple   | Found a transporter.
  4309 | Temple   | Found a transporter.
  4311 | Temple   | Found a transporter.
  4311 | Temple   | Found a transporter.
  4321 | Temple   | 4321 ||| PLANNING D:1-11
  4324 | Temple   | 4324 ||| PLANNING OKAWARU WORSHIP
  4328 | Temple   | Became a worshipper of Warmaster Okawaru
  4328 | Temple   | 4328 ||| PLANNING D:1-11
  4394 | D:6      | Reached skill level 3 in Dodging
  4452 | D:6      | Found Hotsamm's Antique Armour Shop.
  4462 | D:6      | 4462 ||| SHOPLISTING +4 robe of Folly {Brill Will-∞ Int+8}
                  | (1290 gold, have 141).
  4462 | D:6      | 4462 ||| BUYING pair of gloves (130 gold).
  4462 | D:6      | Bought a pair of gloves for 130 gold pieces
  4462 | D:6      | 4462 ||| SHOPLISTING runed robe (107 gold, have 11).
  4530 | D:6      | Reached skill level 6 in Fighting
  4530 | D:6      | Reached XP level 8. HP: 70/70 MP: 7/7
  4665 | D:6      | Found a blossoming altar of Fedhas.
  4674 | D:6      | Found an ornate altar of the Wu Jian Council.
  4693 | D:6      | Reached * piety under Okawaru
  4809 | D:6      | 4809 ||| INVOKING Heroism.
  4821 | D:6      | Reached skill level 1 in Invocations
  4901 | D:6      | 4901 ||| UPGRADING to +0 pair of gloves.
  4906 | D:6      | 4906 ||| READING scroll labelled FESARI MAEM.
  4907 | D:6      | 4907 ||| READING scroll labelled OBRUNI FOMOIGG.
  4972 | D:7      | Reached skill level 7 in Fighting
  5128 | D:7      | 5128 ||| INVOKING Heroism.
  5132 | D:7      | Reached skill level 3 in Invocations
  5253 | D:7      | 5253 ||| Stepping ~*~*~tactically~*~*~ (outnumbered).
  5257 | D:7      | 5257 ||| INVOKING Heroism.
  5259 | D:7      | 5259 ||| Stepping ~*~*~tactically~*~*~ (outnumbered).
  5321 | D:7      | 5321 ||| INVOKING Heroism.
  5323 | D:7      | Noticed a slime creature
  5326 | D:7      | 5326 ||| Stepping ~*~*~tactically~*~*~ (cloud).
  5334 | D:7      | HP: 16/73 [slime creature (9)]
  5335 | D:7      | 5335 ||| DRINKING 4 potions of heal wounds.
  5340 | D:7      | Killed a slime creature
  5341 | D:7      | Reached XP level 9. HP: 32/79 MP: 8/11
  5343 | D:7      | HP: 19/79 [centaur/arrow (5)]
  5344 | D:7      | 5344 ||| DRINKING 3 potions of heal wounds.
  5345 | D:7      | 5345 ||| INVOKING Heroism.
  5348 | D:7      | 5348 ||| DRINKING 2 potions of heal wounds.
  5359 | D:7      | 5359 ||| Stepping ~*~*~tactically~*~*~ (outnumbered).
  5373 | D:7      | 5373 ||| INVOKING Heroism.
  5545 | D:7      | 5545 ||| SWAPPING to +0 orcbow.
  5880 | D:7      | 5880 ||| UPGRADING to +0 steam dragon scales.
  5890 | D:7      | 5890 ||| DROPPING +0 ring mail.
  5891 | D:7      | 5891 ||| READING 2 scrolls labelled TOD REOKEAFISS.
  5892 | D:7      | 5892 ||| DRINKING 2 grey potions.
  5893 | D:7      | 5893 ||| DRINKING 2 lumpy blue potions.
  5893 | D:7      | Gained mutation: Your movements are slightly less
                  | encumbered by armour. (ER -2) [potion of mutation]
  5893 | D:7      | Gained mutation: You are partially covered in iridescent
                  | scales. (AC +2) [potion of mutation]
  5893 | D:7      | Gained mutation: You expend magic power (3 MP) to
                  | strengthen your wands. [potion of mutation]
  5894 | D:7      | 5894 ||| DROPPING scroll of amnesia.
  5963 | D:8      | 5963 ||| Stepping ~*~*~tactically~*~*~ (outnumbered).
  5977 | D:8      | 5977 ||| INVOKING Heroism.
  5980 | D:8      | 5980 ||| Stepping ~*~*~tactically~*~*~ (outnumbered).
  6007 | D:8      | 6007 ||| INVOKING Heroism.
  6167 | D:8      | Found Cuiqety's Antique Armour Emporium.
  6177 | D:8      | 6177 ||| SHOPLISTING cloak (126 gold, have 101).
  6177 | D:8      | 6177 ||| SHOPLISTING embroidered robe (103 gold, have 101).
  6177 | D:8      | 6177 ||| SHOPLISTING runed robe (103 gold, have 101).
  6272 | D:8      | 6272 ||| READING scroll of enchant armour.
  6272 | D:8      | 6272 ||| ENCHANTING +0 steam dragon scales.
  6318 | D:8      | 6318 ||| INVOKING Heroism.
  6319 | D:8      | 6319 ||| Stepping ~*~*~tactically~*~*~ (outnumbered).
  6348 | D:8      | Reached skill level 12 in Ranged Weapons
  6463 | D:8      | Found a flagged portal.
  6532 | D:8      | 6532 ||| INVOKING Heroism.
  6624 | D:8      | Noticed Erica
  6625 | D:8      | 6625 ||| INVOKING Heroism.
  6628 | D:8      | 6628 ||| DRINKING 2 potions of curing.
  6628 | D:8      | 6628 ||| (to cure confusion)
  6648 | D:8      | Killed Erica
  6648 | D:8      | Reached ** piety under Okawaru
  6649 | D:8      | Reached skill level 9 in Fighting
  6649 | D:8      | Reached XP level 10. HP: 40/91 MP: 12/12
  6892 | D:8      | Found a burning altar of Makhleb.
  6892 | D:8      | Found a shadowy altar of Dithmenos.
  7067 | D:8      | 7067 ||| INVOKING Heroism.
  7421 | D:8      | 7421 ||| UPGRADING to +1 ring mail of poison resistance.
  7431 | D:8      | 7431 ||| UPGRADING to ring of willpower.
  7432 | D:8      | 7432 ||| READING 2 scrolls labelled OPTONIE POEGIN.
  7433 | D:8      | 7433 ||| READING 2 scrolls of identify.
  7433 | D:8      | 7433 ||| IDENTIFYING purple potion
  7434 | D:8      | 7434 ||| DROPPING potion of attraction.
  7435 | D:8      | 7435 ||| DROPPING scroll of fog.
  7452 | D:9      | Noticed Harold
  7453 | D:9      | 7453 ||| INVOKING Heroism.
  7460 | D:9      | Killed Harold
  7503 | D:9      | Noticed a cyclops
  7504 | D:9      | 7504 ||| INVOKING Heroism.
  7513 | D:9      | Killed a cyclops
  7533 | D:9      | Found a staircase to the Lair.
  7577 | D:9      | 7577 ||| FLEEEEING.
  7578 | D:9      | 7578 ||| FLEEEEING.
  7579 | D:9      | 7579 ||| FLEEEEING.
  7580 | D:9      | 7580 ||| FLEEEEING.
  7581 | D:9      | 7581 ||| FLEEEEING.
  7584 | D:9      | 7584 ||| FLEEEEING.
  7585 | D:9      | 7585 ||| FLEEEEING.
  7587 | D:9      | 7587 ||| FLEEEEING.
  7588 | D:9      | 7588 ||| FLEEEEING.
  7589 | D:9      | 7589 ||| FLEEEEING.
  7590 | D:9      | 7590 ||| FLEEEEING.
  7591 | D:9      | 7591 ||| FLEEEEING.
  7592 | D:9      | 7592 ||| FLEEEEING.
  7594 | D:9      | 7594 ||| FLEEEEING.
  7595 | D:9      | 7595 ||| FLEEEEING.
  7596 | D:9      | 7596 ||| FLEEEEING.
  7676 | D:9      | 7676 ||| INVOKING Heroism.
  7679 | D:9      | Reached *** piety under Okawaru
  7953 | D:9      | 7953 ||| INVOKING Heroism.
  8134 | D:9      | Identified the +8 ring mail of Kibykk {SInv}
  8167 | D:9      | 8167 ||| INVOKING Heroism.
  8196 | D:9      | 8196 ||| INVOKING Heroism.
  8470 | D:9      | 8470 ||| PLANNING LAIR
  8470 | D:9      | 8470 ||| DROPPING +0 troll leather armour.
  8471 | D:9      | 8471 ||| DROPPING +1 steam dragon scales.
  8472 | D:9      | 8472 ||| UPGRADING to +8 ring mail of Kibykk {SInv}.
  8482 | D:9      | 8482 ||| DROPPING +1 ring mail of poison resistance.
  8483 | D:9      | 8483 ||| DRINKING 2 metallic grey potions.
  8484 | D:9      | 8484 ||| DROPPING potion of enlightenment.
  8502 | Lair:1   | Entered Level 1 of the Lair of Beasts
  8576 | Lair:1   | 8576 ||| INVOKING Heroism.
  8601 | Lair:1   | Noticed a black mamba
  8602 | Lair:1   | 8602 ||| INVOKING Heroism.
  8610 | Lair:1   | Killed a black mamba
  8611 | Lair:1   | Reached skill level 6 in Dodging
  8671 | Lair:1   | 8671 ||| READING scroll of acquirement.
  8671 | Lair:1   | 8671 ||| ACQUIRING ring of positive energy
  8671 | Lair:1   | Acquired a ring of positive energy
  8673 | Lair:1   | 8673 ||| UPGRADING to ring of positive energy.
  8733 | Lair:1   | Reached skill level 10 in Fighting
  8763 | Lair:1   | Noticed a cane toad
  8764 | Lair:1   | 8764 ||| INVOKING Heroism.
  8774 | Lair:1   | Killed a cane toad
  8775 | Lair:1   | Reached XP level 11. HP: 99/99 MP: 11/13
  8814 | Lair:1   | 8814 ||| INVOKING Heroism.
  8834 | Lair:1   | Reached **** piety under Okawaru
  8932 | Lair:1   | 8932 ||| INVOKING Heroism.
  9116 | Lair:1   | 9116 ||| INVOKING Heroism.
  9165 | Lair:1   | 9165 ||| INVOKING Heroism.
  9171 | Lair:1   | Reached skill level 15 in Ranged Weapons
  9198 | Lair:1   | 9198 ||| INVOKING Heroism.
  9309 | Lair:1   | 9309 ||| INVOKING Heroism.
  9643 | Lair:1   | 9643 ||| INVOKING Heroism.
  9773 | Lair:1   | 9773 ||| READING scroll labelled JOCLAU IVIDEHO.
  9774 | Lair:1   | 9774 ||| READING 3 scrolls labelled BIUM KAQISELO.
  9875 | Lair:1   | 9875 ||| DRINKING 3 orange potions.
  9876 | Lair:1   | 9876 ||| READING 3 scrolls of identify.
  9876 | Lair:1   | 9876 ||| IDENTIFYING silvery potion
  9877 | Lair:1   | 9877 ||| READING 2 scrolls of identify.
  9877 | Lair:1   | 9877 ||| IDENTIFYING lumpy sapphire potion
  9878 | Lair:1   | 9878 ||| DROPPING potion of brilliance.
  9879 | Lair:1   | 9879 ||| DROPPING 2 scrolls of silence.
  9892 | Lair:2   | 9892 ||| INVOKING Heroism.
  9899 | Lair:2   | 9899 ||| Stepping ~*~*~tactically~*~*~ (outnumbered).
  9926 | Lair:2   | 9926 ||| INVOKING Heroism.
  9975 | Lair:2   | 9975 ||| INVOKING Heroism.
 10009 | Lair:2   | 10009 ||| INVOKING Heroism.
 10048 | Lair:2   | Reached skill level 6 in Invocations
 10077 | Lair:2   | 10077 ||| INVOKING Heroism.
 10104 | Lair:2   | 10104 ||| INVOKING Heroism.
 10308 | Lair:2   | Noticed a six-headed hydra
 10309 | Lair:2   | 10309 ||| INVOKING Heroism.
 10317 | Lair:2   | 10317 ||| SWAPPING to +4 shortbow of the Iron City of Dis
                  | {flame, rC+}.
 10318 | Lair:2   | Killed a six-headed hydra
 10319 | Lair:2   | 10319 ||| SWAPPING to +0 orcbow.
 10375 | Lair:2   | 10375 ||| INVOKING Heroism.
 10657 | Lair:2   | 10657 ||| INVOKING Heroism.
 10668 | Lair:2   | Reached skill level 11 in Fighting
 10672 | Lair:2   | Reached XP level 12. HP: 104/110 MP: 13/15
 11101 | Lair:3   | Reached skill level 6 in Armour
 11106 | Lair:3   | 11106 ||| INVOKING Heroism.
 11226 | Lair:3   | 11226 ||| INVOKING Heroism.
 11262 | Lair:3   | Noticed a six-headed hydra
 11263 | Lair:3   | 11263 ||| INVOKING Heroism.
 11269 | Lair:3   | 11269 ||| SWAPPING to +4 shortbow of the Iron City of Dis
                  | {flame, rC+}.
 11272 | Lair:3   | Killed a six-headed hydra
 11273 | Lair:3   | 11273 ||| SWAPPING to +0 orcbow.
 11307 | Lair:3   | 11307 ||| Stepping ~*~*~tactically~*~*~ (outnumbered).
 11311 | Lair:3   | 11311 ||| Stepping ~*~*~tactically~*~*~ (outnumbered).
 11329 | Lair:3   | 11329 ||| INVOKING Heroism.
 11491 | Lair:3   | Found a staircase to the Snake Pit.
 11532 | Lair:3   | Found a staircase to the Shoals.
 11554 | Lair:3   | Noticed a seven-headed hydra
 11555 | Lair:3   | 11555 ||| INVOKING Heroism.
 11562 | Lair:3   | 11562 ||| SWAPPING to +4 shortbow of the Iron City of Dis
                  | {flame, rC+}.
 11564 | Lair:3   | Killed a seven-headed hydra
 11565 | Lair:3   | 11565 ||| SWAPPING to +0 orcbow.
 11666 | Lair:3   | 11666 ||| INVOKING Heroism.
 11670 | Lair:3   | Noticed Nergalle
 11695 | Lair:3   | Killed Nergalle
 11703 | Lair:3   | 11703 ||| FLEEEEING.
 11704 | Lair:3   | 11704 ||| FLEEEEING.
 11705 | Lair:3   | 11705 ||| FLEEEEING.
 11706 | Lair:3   | 11706 ||| FLEEEEING.
 11707 | Lair:3   | 11707 ||| FLEEEEING.
 11708 | Lair:3   | 11708 ||| FLEEEEING.
 11709 | Lair:3   | 11709 ||| STAIRDANCE
 11711 | Lair:2   | 11711 ||| INVOKING Heroism.
 11887 | Lair:2   | 11887 ||| UPGRADING to +0 cloak of poison resistance.
 11905 | Lair:3   | Noticed a four-headed hydra
 11906 | Lair:3   | 11906 ||| INVOKING Heroism.
 11912 | Lair:3   | 11912 ||| SWAPPING to +4 shortbow of the Iron City of Dis
                  | {flame, rC+}.
 11919 | Lair:3   | Killed a four-headed hydra
 11920 | Lair:3   | Reached skill level 12 in Fighting
 11920 | Lair:3   | 11920 ||| SWAPPING to +0 orcbow.
 11994 | Lair:3   | 11994 ||| READING scroll of enchant armour.
 11994 | Lair:3   | 11994 ||| ENCHANTING +0 pair of gloves.
 12083 | Lair:3   | Found a white marble altar of Elyvilon.
 12090 | Lair:3   | 12090 ||| INVOKING Heroism.
 12096 | Lair:3   | Received a gift from Okawaru
 12209 | Lair:3   | 12209 ||| READING 2 scrolls of identify.
 12209 | Lair:3   | 12209 ||| IDENTIFYING fuming red potion
 12210 | Lair:3   | 12210 ||| DROPPING potion of ambrosia.
 12259 | Lair:4   | Noticed Urug
 12260 | Lair:4   | 12260 ||| INVOKING Heroism.
 12268 | Lair:4   | Noticed a five-headed hydra
 12277 | Lair:4   | 12277 ||| SWAPPING to +4 shortbow of the Iron City of Dis
                  | {flame, rC+}.
 12284 | Lair:4   | Killed a five-headed hydra
 12285 | Lair:4   | 12285 ||| SWAPPING to +0 orcbow.
 12293 | Lair:4   | Killed Urug
 12589 | Lair:4   | 12589 ||| INVOKING Heroism.
 12599 | Lair:4   | Received a gift from Okawaru
 12788 | Lair:4   | Found a dark tunnel.
 12983 | Lair:4   | 12983 ||| INVOKING Heroism.
 13044 | Lair:4   | 13044 ||| INVOKING Heroism.
 13432 | Lair:4   | 13432 ||| READING scroll labelled NIMUGE SIOTUE.
 13573 | Lair:5   | Entered Level 5 of the Lair of Beasts
 13574 | Lair:5   | 13574 ||| INVOKING Heroism.
 13584 | Lair:5   | Reached skill level 13 in Fighting
 13595 | Lair:5   | Reached skill level 9 in Invocations
 13597 | Lair:5   | 13597 ||| STAIRDANCE
 13599 | Lair:4   | 13599 ||| INVOKING Heroism.
 13608 | Lair:4   | HP: 26/115 [yak (5)]
 13609 | Lair:4   | 13609 ||| READING 5 scrolls of teleportation.
 13610 | Lair:4   | 13610 ||| DRINKING 5 potions of heal wounds.
 13770 | Lair:5   | 13770 ||| INVOKING Heroism.
 13775 | Lair:5   | Noticed a catoblepas
 13777 | Lair:5   | 13777 ||| Stepping ~*~*~tactically~*~*~ (cloud).
 13786 | Lair:5   | Reached XP level 13. HP: 116/122 MP: 16/18
 13786 | Lair:5   | 13786 ||| Stepping ~*~*~tactically~*~*~ (cloud).
 13793 | Lair:5   | 13793 ||| Stepping ~*~*~tactically~*~*~ (cloud).
 13816 | Lair:5   | 13816 ||| DRINKING 2 potions of cancellation.
 13817 | Lair:5   | 13817 ||| Stepping ~*~*~tactically~*~*~ (cloud).
 13917 | Lair:5   | 13917 ||| INVOKING Heroism.
 13920 | Lair:5   | 13920 ||| Stepping ~*~*~tactically~*~*~ (cloud).
 13922 | Lair:5   | 13922 ||| Stepping ~*~*~tactically~*~*~ (cloud).
 13924 | Lair:5   | Reached skill level 9 in Dodging
 13948 | Lair:5   | 13948 ||| INVOKING Heroism.
 13973 | Lair:5   | Found a staircase to the Slime Pits.
 14015 | Lair:5   | 14015 ||| INVOKING Heroism.
 14129 | Lair:5   | 14129 ||| INVOKING Heroism.
 14154 | Lair:5   | HP: 25/122 [skyshark (9)]
 14155 | Lair:5   | 14155 ||| READING 4 scrolls of teleportation.
 14156 | Lair:5   | 14156 ||| DRINKING 4 potions of heal wounds.
 14157 | Lair:5   | 14157 ||| INVOKING Heroism.
 14160 | Lair:5   | 14160 ||| FLEEEEING.
 14161 | Lair:5   | 14161 ||| FLEEEEING.
 14162 | Lair:5   | 14162 ||| FLEEEEING.
 14163 | Lair:5   | 14163 ||| FLEEEEING.
 14164 | Lair:5   | 14164 ||| STAIRDANCE
 14233 | Lair:4   | 14233 ||| INVOKING Heroism.
 14381 | Lair:4   | 14381 ||| READING scroll labelled SEXARH ASUIHO.
 14386 | Lair:5   | 14386 ||| INVOKING Heroism.
 14488 | Lair:5   | Reached skill level 14 in Fighting
 14531 | Lair:5   | 14531 ||| INVOKING Heroism.
 14579 | Lair:5   | 14579 ||| READING scroll of enchant armour.
 14579 | Lair:5   | 14579 ||| ENCHANTING +1 pair of gloves.
 14612 | Lair:5   | 14612 ||| INVOKING Heroism.
 14759 | Lair:5   | 14759 ||| INVOKING Heroism.
 14765 | Lair:5   | 14765 ||| Stepping ~*~*~tactically~*~*~ (water).
 14769 | Lair:5   | 14769 ||| Stepping ~*~*~tactically~*~*~ (water).
 14826 | Lair:5   | Identified the ring of Detag {Drain rElec rC+ Dex+6}
 14837 | Lair:5   | 14837 ||| UPGRADING to +2 pair of boots.
 14864 | Lair:5   | 14864 ||| Stepping ~*~*~tactically~*~*~ (water).
 14877 | Lair:5   | 14877 ||| INVOKING Heroism.
 14943 | Lair:5   | 14943 ||| INVOKING Heroism.
 15011 | Lair:5   | 15011 ||| UPGRADING to +2 pair of boots.
 15021 | Lair:5   | 15021 ||| DROPPING +1 pair of boots.
 15038 | Lair:5   | 15038 ||| INVOKING Heroism.
 15098 | Lair:5   | 15098 ||| Stepping ~*~*~tactically~*~*~ (outnumbered).
 15115 | Lair:5   | Reached skill level 9 in Armour
 15291 | Lair:5   | 15291 ||| PLANNING D:1-11
 15291 | Lair:5   | 15291 ||| DROPPING ring of magical power.
 15292 | Lair:5   | 15292 ||| UPGRADING to ring of Detag {Drain rElec rC+
                  | Dex+6}.
 15294 | Lair:5   | 15294 ||| UPGRADING to ring of willpower.
 15296 | Lair:5   | 15296 ||| READING 9 scrolls of identify.
 15296 | Lair:5   | 15296 ||| IDENTIFYING lumpy green potion
 15297 | Lair:5   | 15297 ||| READING 8 scrolls of identify.
 15297 | Lair:5   | 15297 ||| IDENTIFYING sedimented orange potion
 15298 | Lair:5   | 15298 ||| DRINKING potion of experience.
 15298 | Lair:5   | Reached skill level 12 in Dodging
 15298 | Lair:5   | Reached XP level 14. HP: 132/132 MP: 20/20
 15299 | Lair:5   | 15299 ||| DROPPING potion of invisibility.
 15433 | D:10     | Entered Level 10 of the Dungeon
 15846 | D:10     | 15846 ||| Stepping ~*~*~tactically~*~*~ (outnumbered).
 16332 | D:11     | 16332 ||| INVOKING Heroism.
 16477 | D:11     | 16477 ||| FLEEEEING.
 16478 | D:11     | 16478 ||| FLEEEEING.
 16479 | D:11     | 16479 ||| FLEEEEING.
 16480 | D:11     | 16480 ||| FLEEEEING.
 16481 | D:11     | 16481 ||| FLEEEEING.
 16681 | D:11     | You fall into a shaft and drop 1 floor!
 16700 | D:12     | Reached ***** piety under Okawaru
 16865 | D:11     | 16865 ||| INVOKING Heroism.
 16866 | D:11     | 16866 ||| INVOKING Finesse.
 16880 | D:11     | Reached skill level 15 in Fighting
 16993 | D:11     | 16993 ||| INVOKING Heroism.
 17193 | D:11     | 17193 ||| PLANNING D
 17235 | D:12     | Noticed Jorgrun
 17236 | D:12     | 17236 ||| INVOKING Heroism.
 17279 | D:12     | Killed Jorgrun
 17280 | D:12     | 17280 ||| STAIRDANCE
 17288 | D:11     | 17288 ||| INVOKING Heroism.
 17682 | D:12     | Found a staircase to the Orcish Mines.
 17716 | D:12     | Reached skill level 16 in Fighting
 17922 | D:13     | 17922 ||| PLANNING GAUNTLET
 17969 | D:13     | 17969 ||| INVOKING Heroism.
 17975 | D:13     | 17975 ||| SWAPPING to +4 shortbow of the Iron City of Dis
                  | {flame, rC+}.
 17982 | D:13     | Reached XP level 15. HP: 123/144 MP: 19/21
 17982 | D:13     | 17982 ||| SWAPPING to +0 orcbow.
 18174 | D:13     | 18174 ||| Stepping ~*~*~tactically~*~*~ (cloud).
 18187 | D:13     | 18187 ||| Stepping ~*~*~tactically~*~*~ (cloud).
 18192 | D:13     | 18192 ||| INVOKING Heroism.
 18193 | D:13     | 18193 ||| Stepping ~*~*~tactically~*~*~ (cloud).
 18197 | D:13     | 18197 ||| Stepping ~*~*~tactically~*~*~ (cloud).
 18416 | D:13     | 18416 ||| RIP GAUNTLET
 18417 | D:13     | 18417 ||| PLANNING D
 19188 | D:14     | 19188 ||| Stepping ~*~*~tactically~*~*~ (outnumbered).
 19190 | D:14     | 19190 ||| Stepping ~*~*~tactically~*~*~ (outnumbered).
 19192 | D:14     | 19192 ||| Stepping ~*~*~tactically~*~*~ (outnumbered).
 19376 | D:14     | 19376 ||| Stepping ~*~*~tactically~*~*~ (outnumbered).
 19378 | D:14     | 19378 ||| Stepping ~*~*~tactically~*~*~ (outnumbered).
 19396 | D:14     | Identified the +1 cloak of the Forging Gods {rPois Regen+
                  | Str+7 Dex-2} (Okawaru gifted it to you on level 14 of the
                  | Dungeon)
 19396 | D:14     | Received a gift from Okawaru
 19480 | D:14     | Noticed Agnes
 19481 | D:14     | 19481 ||| INVOKING Heroism.
 19482 | D:14     | 19482 ||| INVOKING Finesse.
 19497 | D:14     | Killed Agnes
 19860 | D:14     | Reached skill level 17 in Fighting
 19965 | D:14     | 19965 ||| Stepping ~*~*~tactically~*~*~ (outnumbered).
 19973 | D:14     | 19973 ||| INVOKING Heroism.
 20222 | D:14     | Found a gate to the Vaults.
 20223 | D:14     | 20223 ||| SWAPPING to +0 arbalest.
 20237 | D:14     | 20237 ||| INVOKING Heroism.
 20373 | D:14     | 20373 ||| DROPPING +0 orcbow.
 20564 | D:14     | 20564 ||| READING scroll of enchant weapon.
 20564 | D:14     | 20564 ||| ENCHANTING +0 arbalest.
 20894 | D:14     | 20894 ||| UPGRADING to +1 cloak of the Forging Gods {rPois
                  | Regen+ Str+7 Dex-2}.
 20904 | D:14     | 20904 ||| DROPPING +0 cloak of poison resistance.
 20905 | D:14     | 20905 ||| UPGRADING to amulet of reflection.
 20910 | D:14     | 20910 ||| DROPPING ring of ice.
 20911 | D:14     | 20911 ||| DROPPING +6 ring of intelligence.
 20926 | D:15     | Entered Level 15 of the Dungeon
 20931 | D:15     | 20931 ||| STAIRDANCE
 20971 | D:15     | 20971 ||| STAIRDANCE
 20975 | D:14     | 20975 ||| INVOKING Heroism.
 20985 | D:14     | HP: 33/147 [white ugly thing (9)]
 20986 | D:14     | 20986 ||| READING 4 scrolls of teleportation.
 20987 | D:14     | 20987 ||| DRINKING 4 potions of heal wounds.
 21071 | D:15     | 21071 ||| STAIRDANCE
 21098 | D:15     | 21098 ||| STAIRDANCE
 21336 | D:15     | 21336 ||| INVOKING Heroism.
 21351 | D:15     | Found a staircase to the Depths.
 21513 | D:15     | 21513 ||| READING scroll of enchant weapon.
 21513 | D:15     | 21513 ||| ENCHANTING +1 arbalest.
 21684 | D:15     | 21684 ||| Stepping ~*~*~tactically~*~*~ (cloud).
 21686 | D:15     | 21686 ||| Stepping ~*~*~tactically~*~*~ (cloud).
 21851 | D:15     | 21851 ||| Stepping ~*~*~tactically~*~*~ (outnumbered).
 22171 | D:15     | 22171 ||| PLANNING ORC
 22259 | Orc:1    | Entered Level 1 of the Orcish Mines
 22507 | Orc:2    | Entered Level 2 of the Orcish Mines
 22514 | Orc:1    | 22514 ||| INVOKING Heroism.
 22518 | Orc:1    | Reached skill level 18 in Ranged Weapons
 22534 | Orc:1    | HP: 22/147 [orc knight/+0 war axe (28)]
 22535 | Orc:1    | 22535 ||| READING 3 scrolls of teleportation.
 22536 | Orc:1    | 22536 ||| DRINKING 3 potions of heal wounds.
 22667 | Orc:2    | 22667 ||| INVOKING Heroism.
 22668 | Orc:2    | Noticed Donald
 22685 | Orc:2    | 22685 ||| Stepping ~*~*~tactically~*~*~ (outnumbered).
 22688 | Orc:2    | Killed Donald
 22728 | Orc:2    | 22728 ||| Stepping ~*~*~tactically~*~*~ (outnumbered).
 22732 | Orc:2    | 22732 ||| Stepping ~*~*~tactically~*~*~ (outnumbered).
 22735 | Orc:2    | 22735 ||| Stepping ~*~*~tactically~*~*~ (outnumbered).
 22762 | Orc:2    | 22762 ||| Stepping ~*~*~tactically~*~*~ (outnumbered).
 22768 | Orc:2    | 22768 ||| INVOKING Heroism.
 22820 | Orc:2    | 22820 ||| INVOKING Heroism.
 22854 | Orc:2    | 22854 ||| Stepping ~*~*~tactically~*~*~ (outnumbered).
 22855 | Orc:2    | 22855 ||| Stepping ~*~*~tactically~*~*~ (outnumbered).
 22859 | Orc:2    | 22859 ||| INVOKING Heroism.
 22874 | Orc:2    | Reached XP level 16. HP: 155/155 MP: 22/22
 22884 | Orc:2    | 22884 ||| INVOKING Heroism.
 22890 | Orc:2    | Gained mutation: You are frail. (-10% HP) [a neqoxec]
 22904 | Orc:2    | 22904 ||| DRINKING 5 potions of mutation.
 22904 | Orc:2    | Lost mutation: You are frail. (-10% HP) [potion of
                  | mutation]
 22904 | Orc:2    | Lost mutation: You expend magic power (3 MP) to strengthen
                  | your wands. [potion of mutation]
 22904 | Orc:2    | Gained mutation: Your spells are a little harder to cast,
                  | but a little more powerful. [potion of mutation]
 22904 | Orc:2    | Gained mutation: You have large cloven feet. [potion of
                  | mutation]
 22921 | Orc:2    | Found Kiv Roz's Assorted Antiques.
 22921 | Orc:2    | Found Gogy's Assorted Antiques.
 22923 | Orc:2    | Found Deuneb's Magic Scroll Emporium.
 22923 | Orc:2    | Found Supnick's Weapon Boutique.
 22929 | Orc:2    | 22929 ||| BUYING glowing scarf (280 gold).
 22929 | Orc:2    | Bought a glowing scarf for 280 gold pieces
 22929 | Orc:2    | 22929 ||| BUYING scroll of enchant weapon (262 gold).
 22929 | Orc:2    | Bought a scroll of enchant weapon for 262 gold pieces
 22929 | Orc:2    | 22929 ||| BUYING scroll of teleportation (105 gold).
 22929 | Orc:2    | Bought a scroll of teleportation for 105 gold pieces
 22929 | Orc:2    | 22929 ||| READING scroll of enchant weapon.
 22929 | Orc:2    | 22929 ||| ENCHANTING +2 arbalest.
 22933 | Orc:2    | 22933 ||| BUYING scroll of enchant armour (75 gold).
 22933 | Orc:2    | Bought a scroll of enchant armour for 75 gold pieces
 22933 | Orc:2    | 22933 ||| BUYING scroll of teleportation (30 gold).
 22933 | Orc:2    | Bought a scroll of teleportation for 30 gold pieces
 22936 | Orc:2    | 22936 ||| BUYING scroll of enchant armour (240 gold).
 22936 | Orc:2    | Bought a scroll of enchant armour for 240 gold pieces
 22936 | Orc:2    | 22936 ||| BUYING scroll of teleportation (96 gold).
 22936 | Orc:2    | Bought a scroll of teleportation for 96 gold pieces
 22964 | Orc:2    | Found a staircase to the Elven Halls.
 23068 | Orc:2    | Found Jangoew's Antique Weapon Emporium.
 23252 | Orc:2    | 23252 ||| PLANNING SHOALS:1-3
 23409 | Shoals:1 | Entered Level 1 of the Shoals
 23508 | Shoals:1 | 23508 ||| Stepping ~*~*~tactically~*~*~ (water).
 23511 | Shoals:1 | 23511 ||| Stepping ~*~*~tactically~*~*~ (water).
 23711 | Shoals:1 | Reached skill level 18 in Fighting
 23745 | Shoals:1 | 23745 ||| Stepping ~*~*~tactically~*~*~ (outnumbered).
 23755 | Shoals:1 | 23755 ||| Stepping ~*~*~tactically~*~*~ (outnumbered).
 23757 | Shoals:1 | 23757 ||| Stepping ~*~*~tactically~*~*~ (outnumbered).
 23758 | Shoals:1 | 23758 ||| Stepping ~*~*~tactically~*~*~ (outnumbered).
 23759 | Shoals:1 | 23759 ||| Stepping ~*~*~tactically~*~*~ (outnumbered).
 23760 | Shoals:1 | 23760 ||| Stepping ~*~*~tactically~*~*~ (outnumbered).
 23762 | Shoals:1 | 23762 ||| Stepping ~*~*~tactically~*~*~ (outnumbered).
 23770 | Shoals:1 | 23770 ||| Stepping ~*~*~tactically~*~*~ (outnumbered).
 23773 | Shoals:1 | 23773 ||| Stepping ~*~*~tactically~*~*~ (outnumbered).
 23902 | Shoals:2 | Received a gift from Okawaru
 23965 | Shoals:2 | Reached skill level 15 in Dodging
 23998 | Shoals:2 | Found Hisudat's Assorted Antiques.
 23999 | Shoals:2 | 23999 ||| Stepping ~*~*~tactically~*~*~ (water).
 24023 | Shoals:2 | 24023 ||| BUYING potion of haste (270 gold).
 24023 | Shoals:2 | Bought a potion of haste for 270 gold pieces
 24023 | Shoals:2 | 24023 ||| BUYING wooden ring (135 gold).
 24023 | Shoals:2 | Bought a wooden ring for 135 gold pieces
 24027 | Shoals:2 | 24027 ||| Stepping ~*~*~tactically~*~*~ (water).
 24084 | Shoals:2 | 24084 ||| INVOKING Heroism.
 24085 | Shoals:2 | 24085 ||| INVOKING Finesse.
 24087 | Shoals:2 | 24087 ||| Stepping ~*~*~tactically~*~*~ (outnumbered).
 24111 | Shoals:2 | 24111 ||| INVOKING Heroism.
 24192 | Shoals:2 | 24192 ||| INVOKING Heroism.
 24270 | Shoals:2 | 24270 ||| Stepping ~*~*~tactically~*~*~ (outnumbered).
 24310 | Shoals:2 | 24310 ||| Stepping ~*~*~tactically~*~*~ (outnumbered).
 24313 | Shoals:2 | 24313 ||| INVOKING Heroism.
 24314 | Shoals:2 | 24314 ||| Stepping ~*~*~tactically~*~*~ (outnumbered).
 24318 | Shoals:2 | 24318 ||| Stepping ~*~*~tactically~*~*~ (outnumbered).
 24424 | Shoals:2 | Reached skill level 19 in Fighting
 24432 | Shoals:2 | 24432 ||| UPGRADING to +1 hat.
 24437 | Shoals:2 | 24437 ||| READING 2 scrolls of enchant armour.
 24437 | Shoals:2 | 24437 ||| ENCHANTING +1 hat.
 24526 | Shoals:2 | 24526 ||| READING scroll of enchant weapon.
 24526 | Shoals:2 | 24526 ||| ENCHANTING +3 arbalest.
 24536 | Shoals:1 | 24536 ||| INVOKING Heroism.
 24918 | Shoals:3 | 24918 ||| STAIRDANCE
 24947 | Shoals:3 | 24947 ||| FLEEEEING.
 24948 | Shoals:3 | 24948 ||| STAIRDANCE
 24965 | Shoals:3 | 24965 ||| STAIRDANCE
 24987 | Shoals:3 | 24987 ||| STAIRDANCE
 25065 | Shoals:3 | 25065 ||| SWAPPING to +0 longbow.
 25071 | Shoals:3 | 25071 ||| DROPPING +4 arbalest.
 25083 | Shoals:3 | 25083 ||| INVOKING Heroism.
 25084 | Shoals:3 | 25084 ||| Stepping ~*~*~tactically~*~*~ (outnumbered).
 25087 | Shoals:3 | 25087 ||| Stepping ~*~*~tactically~*~*~ (outnumbered).
 25090 | Shoals:3 | 25090 ||| Stepping ~*~*~tactically~*~*~ (outnumbered).
 25094 | Shoals:3 | 25094 ||| Stepping ~*~*~tactically~*~*~ (outnumbered).
 25161 | Shoals:3 | 25161 ||| INVOKING Heroism.
 25221 | Shoals:3 | 25221 ||| FLEEEEING.
 25222 | Shoals:3 | 25222 ||| FLEEEEING.
 25223 | Shoals:3 | 25223 ||| FLEEEEING.
 25224 | Shoals:3 | 25224 ||| FLEEEEING.
 25225 | Shoals:3 | 25225 ||| FLEEEEING.
 25226 | Shoals:3 | 25226 ||| FLEEEEING.
 25227 | Shoals:3 | 25227 ||| FLEEEEING.
 25228 | Shoals:3 | 25228 ||| FLEEEEING.
 25229 | Shoals:3 | 25229 ||| FLEEEEING.
 25230 | Shoals:3 | 25230 ||| FLEEEEING.
 25231 | Shoals:3 | 25231 ||| FLEEEEING.
 25232 | Shoals:3 | 25232 ||| FLEEEEING.
 25233 | Shoals:3 | 25233 ||| INVOKING Heroism.
 25239 | Shoals:3 | 25239 ||| Stepping ~*~*~tactically~*~*~ (water).
 25241 | Shoals:3 | 25241 ||| Stepping ~*~*~tactically~*~*~ (water).
 25250 | Shoals:3 | HP: 38/160 [merfolk javelineer/silver javelin (10)]
 25251 | Shoals:3 | 25251 ||| READING 6 scrolls of teleportation.
 25252 | Shoals:3 | 25252 ||| DRINKING 2 potions of heal wounds.
 25255 | Shoals:3 | Noticed Ilsuiw
 25264 | Shoals:3 | HP: 39/160 [drowned by a water elemental (3)]
 25265 | Shoals:3 | 25265 ||| DRINKING potion of heal wounds.
 25269 | Shoals:3 | HP: 36/160 [drowned by a water elemental (5)]
 25272 | Shoals:3 | 25272 ||| READING 5 scrolls of teleportation.
 25273 | Shoals:3 | HP: 12/160 [merfolk impaler/+0 trident[Ilsuiw] (7)]
 25276 | Shoals:3 | 25276 ||| FLEEEEING.
 25277 | Shoals:3 | 25277 ||| READING 4 scrolls of teleportation.
 25308 | Shoals:3 | 25308 ||| INVOKING Heroism.
 25345 | Shoals:3 | 25345 ||| INVOKING Heroism.
 25395 | Shoals:3 | 25395 ||| INVOKING Heroism.
 25405 | Shoals:3 | Killed Ilsuiw
 25557 | Shoals:3 | 25557 ||| FLEEEEING.
 25558 | Shoals:3 | 25558 ||| FLEEEEING.
 25561 | Shoals:3 | 25561 ||| FLEEEEING.
 25568 | Shoals:3 | 25568 ||| INVOKING Heroism.
 25724 | Shoals:3 | Found a transporter.
 25727 | Shoals:3 | Found a transporter.
 25728 | Shoals:3 | Noticed qw's ghost (adept GrFi)
 25921 | Shoals:3 | Reached XP level 17. HP: 168/168 MP: 23/23
 26035 | Shoals:3 | 26035 ||| PLANNING SNAKE:1-3
 26120 | Shoals:2 | Identified the +1 triple crossbow "Spiderslayer" {penet,
                  | Str+2} (Okawaru gifted it to you on level 2 of the Shoals)
 26120 | Shoals:2 | Received a gift from Okawaru
 26122 | Shoals:2 | 26122 ||| SWAPPING to +1 triple crossbow "Spiderslayer"
                  | {penet, Str+2, mikee}.
 26123 | Shoals:2 | 26123 ||| DROPPING +0 longbow.
 26183 | Snake:1  | Entered Level 1 of the Snake Pit
 26217 | Snake:1  | 26217 ||| INVOKING Heroism.
 26237 | Snake:1  | Found a runed translucent door.
 26244 | Snake:1  | Noticed vinnietd's ghost (adept HaFi)
 26288 | Snake:1  | 26288 ||| Stepping ~*~*~tactically~*~*~ (outnumbered).
 26299 | Snake:1  | 26299 ||| Stepping ~*~*~tactically~*~*~ (outnumbered).
 26766 | Snake:2  | 26766 ||| Stepping ~*~*~tactically~*~*~ (outnumbered).
 26774 | Snake:2  | 26774 ||| INVOKING Heroism.
 26834 | Snake:2  | Noticed Asterion
 26835 | Snake:2  | 26835 ||| INVOKING Heroism.
 26839 | Snake:2  | Killed Asterion
 27208 | Snake:2  | 27208 ||| INVOKING Heroism.
 27467 | Snake:2  | 27467 ||| INVOKING Heroism.
 27470 | Snake:2  | 27470 ||| Stepping ~*~*~tactically~*~*~ (outnumbered).
 27485 | Snake:2  | Received a gift from Okawaru
 27578 | Snake:2  | 27578 ||| Stepping ~*~*~tactically~*~*~ (outnumbered).
 27716 | Snake:2  | 27716 ||| READING scroll labelled QOAFO MEED.
 27888 | Snake:3  | 27888 ||| INVOKING Heroism.
 27894 | Snake:3  | 27894 ||| Stepping ~*~*~tactically~*~*~ (outnumbered).
 27899 | Snake:3  | Reached skill level 21 in Ranged Weapons
 28012 | Snake:3  | 28012 ||| FLEEEEING.
 28013 | Snake:3  | 28013 ||| FLEEEEING.
 28014 | Snake:3  | 28014 ||| FLEEEEING.
 28085 | Snake:3  | 28085 ||| INVOKING Heroism.
 28226 | Snake:3  | 28226 ||| PLANNING SHOALS:4
 28418 | Shoals:4 | Entered Level 4 of the Shoals
 28453 | Shoals:4 | 28453 ||| Stepping ~*~*~tactically~*~*~ (water).
 28459 | Shoals:4 | 28459 ||| Stepping ~*~*~tactically~*~*~ (water).
 28512 | Shoals:4 | 28512 ||| INVOKING Heroism.
 28513 | Shoals:4 | 28513 ||| Stepping ~*~*~tactically~*~*~ (water).
 28516 | Shoals:4 | 28516 ||| Stepping ~*~*~tactically~*~*~ (water).
 28518 | Shoals:4 | 28518 ||| Stepping ~*~*~tactically~*~*~ (water).
 28520 | Shoals:4 | 28520 ||| Stepping ~*~*~tactically~*~*~ (water).
 28522 | Shoals:4 | 28522 ||| Stepping ~*~*~tactically~*~*~ (water).
 28524 | Shoals:4 | 28524 ||| Stepping ~*~*~tactically~*~*~ (water).
 28543 | Shoals:4 | 28543 ||| INVOKING Heroism.
 28544 | Shoals:4 | 28544 ||| Stepping ~*~*~tactically~*~*~ (outnumbered).
 28545 | Shoals:4 | 28545 ||| Stepping ~*~*~tactically~*~*~ (outnumbered).
 28546 | Shoals:4 | 28546 ||| Stepping ~*~*~tactically~*~*~ (outnumbered).
 28554 | Shoals:4 | 28554 ||| Stepping ~*~*~tactically~*~*~ (outnumbered).
 28555 | Shoals:4 | 28555 ||| Stepping ~*~*~tactically~*~*~ (outnumbered).
 28556 | Shoals:4 | 28556 ||| Stepping ~*~*~tactically~*~*~ (outnumbered).
 28603 | Shoals:4 | 28603 ||| Stepping ~*~*~tactically~*~*~ (outnumbered).
 28607 | Shoals:4 | 28607 ||| Stepping ~*~*~tactically~*~*~ (outnumbered).
 28609 | Shoals:4 | 28609 ||| Stepping ~*~*~tactically~*~*~ (outnumbered).
 28613 | Shoals:4 | 28613 ||| Stepping ~*~*~tactically~*~*~ (outnumbered).
 28622 | Shoals:4 | 28622 ||| INVOKING Heroism.
 28665 | Shoals:4 | 28665 ||| Stepping ~*~*~tactically~*~*~ (water).
 28666 | Shoals:4 | 28666 ||| Stepping ~*~*~tactically~*~*~ (outnumbered).
 28711 | Shoals:4 | 28711 ||| INVOKING Heroism.
 28712 | Shoals:4 | 28712 ||| INVOKING Finesse.
 28731 | Shoals:4 | Received a gift from Okawaru
 28766 | Shoals:4 | 28766 ||| Stepping ~*~*~tactically~*~*~ (water).
 28781 | Shoals:4 | 28781 ||| FLEEEEING.
 28782 | Shoals:4 | 28782 ||| FLEEEEING.
 28783 | Shoals:4 | 28783 ||| FLEEEEING.
 28784 | Shoals:4 | 28784 ||| FLEEEEING.
 28785 | Shoals:4 | 28785 ||| INVOKING Heroism.
 28825 | Shoals:4 | Got a barnacled rune of Zot
 28873 | Shoals:4 | Found Oluph's General Store.
 28878 | Shoals:4 | 28878 ||| BUYING 2 potions of mutation (240 gold).
 28878 | Shoals:4 | Bought 2 potions of mutation for 240 gold pieces
 28878 | Shoals:4 | 28878 ||| BUYING scroll of enchant weapon (112 gold).
 28878 | Shoals:4 | Bought a scroll of enchant weapon for 112 gold pieces
 28951 | Shoals:4 | Identified the +0 ring mail of Inference {+Inv rN++ Will-
                  | Dex+4}
 28978 | Shoals:4 | 28978 ||| Stepping ~*~*~tactically~*~*~ (water).
 29021 | Shoals:4 | 29021 ||| INVOKING Heroism.
 29168 | Shoals:4 | 29168 ||| DROPPING amulet of regeneration.
 29245 | Shoals:4 | 29245 ||| INVOKING Heroism.
 29271 | Shoals:4 | Identified the +0 trident "Fofezys" {pain, rC++ Str-4 Int+2
                  | Stlth+}
 29284 | Shoals:4 | 29284 ||| PLANNING VAULTS:1-4
 29544 | Vaults:1 | Entered Level 1 of the Vaults
 29550 | Vaults:1 | Reached skill level 20 in Fighting
 29592 | Vaults:1 | 29592 ||| FLEEEEING.
 29594 | Vaults:1 | Reached XP level 18. HP: 178/178 MP: 24/24
 29601 | Vaults:1 | 29601 ||| INVOKING Heroism.
 29645 | Vaults:1 | 29645 ||| DROPPING +4 shortbow of the Iron City of Dis
                  | {flame, rC+}.
 29669 | Vaults:1 | 29669 ||| INVOKING Heroism.
 29670 | Vaults:1 | 29670 ||| INVOKING Finesse.
 29940 | Vaults:1 | 29940 ||| INVOKING Heroism.
 29943 | Vaults:1 | Reached skill level 12 in Armour
 30068 | Vaults:1 | 30068 ||| INVOKING Heroism.
 30133 | Vaults:1 | 30133 ||| FLEEEEING.
 30134 | Vaults:1 | 30134 ||| FLEEEEING.
 30136 | Vaults:1 | 30136 ||| FLEEEEING.
 30137 | Vaults:1 | 30137 ||| FLEEEEING.
 30138 | Vaults:1 | 30138 ||| FLEEEEING.
 30139 | Vaults:1 | 30139 ||| FLEEEEING.
 30140 | Vaults:1 | 30140 ||| FLEEEEING.
 30141 | Vaults:1 | 30141 ||| FLEEEEING.
 30196 | Vaults:1 | Identified the scarf of Pah Amen {rC+ rF+, Drain rPois
                  | Will++ Dex+4} (Okawaru gifted it to you on level 1 of the
                  | Vaults)
 30196 | Vaults:1 | Received a gift from Okawaru
 30268 | Vaults:1 | Identified the +4 scale mail "Duahustru" {rElec rCorr
                  | Str-5}
 30269 | Vaults:1 | Identified the +10 arbalest "Giant's Toothpick" {speed,
                  | rElec rPois rN+ Str-5}
 30574 | Vaults:1 | Reached skill level 18 in Dodging
 30637 | Vaults:1 | 30637 ||| UPGRADING to scarf of Pah Amen {rC+ rF+, Drain
                  | rPois Will++ Dex+4}.
 30646 | Vaults:1 | 30646 ||| UPGRADING to scarf of Pah Amen {rC+ rF+, Drain
                  | rPois Will++ Dex+4}.
 30651 | Vaults:1 | 30651 ||| DROPPING scarf of resistance.
 30901 | Vaults:2 | 30901 ||| Stepping ~*~*~tactically~*~*~ (outnumbered).
 30904 | Vaults:2 | 30904 ||| Stepping ~*~*~tactically~*~*~ (outnumbered).
 30906 | Vaults:2 | 30906 ||| Stepping ~*~*~tactically~*~*~ (outnumbered).
 30908 | Vaults:2 | 30908 ||| Stepping ~*~*~tactically~*~*~ (outnumbered).
 30927 | Vaults:2 | 30927 ||| INVOKING Heroism.
 30928 | Vaults:2 | 30928 ||| INVOKING Finesse.
 31161 | Vaults:2 | 31161 ||| INVOKING Finesse.
 31163 | Vaults:2 | 31163 ||| Stepping ~*~*~tactically~*~*~ (outnumbered).
 31437 | Vaults:2 | Found a staircase to the Crypt.
 31438 | Vaults:2 | 31438 ||| INVOKING Heroism.
 31438 | Vaults:2 | HP: 43/178 [??? (41)]
 31439 | Vaults:2 | 31439 ||| READING 8 scrolls of teleportation.
 31440 | Vaults:2 | 31440 ||| DRINKING potion of heal wounds.
 31458 | Vaults:2 | HP: 45/180 [dire elephant (1)]
 31459 | Vaults:2 | 31459 ||| READING 7 scrolls of teleportation.
 31519 | Vaults:2 | 31519 ||| INVOKING Heroism.
 31639 | Vaults:2 | 31639 ||| INVOKING Heroism.
 32046 | Vaults:2 | 32046 ||| FLEEEEING.
 32047 | Vaults:2 | 32047 ||| FLEEEEING.
 32048 | Vaults:2 | 32048 ||| FLEEEEING.
 32049 | Vaults:2 | 32049 ||| FLEEEEING.
 32050 | Vaults:2 | 32050 ||| FLEEEEING.
 32051 | Vaults:2 | 32051 ||| FLEEEEING.
 32052 | Vaults:2 | 32052 ||| FLEEEEING.
 32053 | Vaults:2 | 32053 ||| FLEEEEING.
 32054 | Vaults:2 | 32054 ||| FLEEEEING.
 32055 | Vaults:2 | 32055 ||| FLEEEEING.
 32056 | Vaults:2 | 32056 ||| FLEEEEING.
 32057 | Vaults:2 | 32057 ||| FLEEEEING.
 32058 | Vaults:2 | 32058 ||| FLEEEEING.
 32059 | Vaults:2 | 32059 ||| FLEEEEING.
 32060 | Vaults:2 | 32060 ||| FLEEEEING.
 32061 | Vaults:2 | 32061 ||| FLEEEEING.
 32062 | Vaults:2 | 32062 ||| FLEEEEING.
 32063 | Vaults:2 | 32063 ||| FLEEEEING.
 32064 | Vaults:2 | 32064 ||| FLEEEEING.
 32067 | Vaults:2 | 32067 ||| FLEEEEING.
 32068 | Vaults:2 | 32068 ||| FLEEEEING.
 32079 | Vaults:2 | 32079 ||| INVOKING Heroism.
 32086 | Vaults:2 | Reached skill level 21 in Fighting
 32237 | Vaults:2 | Reached XP level 19. HP: 189/189 MP: 25/25
 32310 | Vaults:2 | 32310 ||| INVOKING Heroism.
 32311 | Vaults:2 | 32311 ||| INVOKING Finesse.
 32688 | Vaults:2 | 32688 ||| FLEEEEING.
 32689 | Vaults:2 | 32689 ||| FLEEEEING.
 32742 | Vaults:2 | Identified the +6 shortbow "Funweh" {antimagic, rC++ rCorr
                  | Dex+2} (Okawaru gifted it to you on level 2 of the Vaults)
 32742 | Vaults:2 | Received a gift from Okawaru
 32814 | Vaults:2 | 32814 ||| DROPPING ring of fire.
 32815 | Vaults:2 | 32815 ||| DROPPING ring of see invisible.
 32816 | Vaults:2 | 32816 ||| DROPPING ring of protection from cold.
 32817 | Vaults:2 | 32817 ||| DROPPING ring of positive energy.
 32818 | Vaults:2 | 32818 ||| DROPPING ring of poison resistance.
 32819 | Vaults:2 | 32819 ||| UPGRADING to +6 ring of dexterity.
 32821 | Vaults:2 | 32821 ||| DROPPING ring of willpower.
 32913 | Vaults:3 | Identified the staff of poison "Lucus" {rPois MP+9 Dex+4}
 32991 | Vaults:3 | Noticed Margery
 32992 | Vaults:3 | 32992 ||| DRINKING potion of resistance.
 32993 | Vaults:3 | 32993 ||| Stepping ~*~*~tactically~*~*~ (outnumbered).
 33005 | Vaults:3 | 33005 ||| INVOKING Heroism.
 33009 | Vaults:3 | Killed Margery
 33187 | Vaults:3 | 33187 ||| Stepping ~*~*~tactically~*~*~ (outnumbered).
 33189 | Vaults:3 | 33189 ||| Stepping ~*~*~tactically~*~*~ (outnumbered).
 33217 | Vaults:3 | Identified the +2 scale mail "Mohiq" {rN+ Will++ SInv}
 33357 | Vaults:3 | Identified the +2 robe of the Armoured One {rElec rN+}
                  | (Okawaru gifted it to you on level 3 of the Vaults)
 33357 | Vaults:3 | Received a gift from Okawaru
 33359 | Vaults:3 | Reached skill level 21 in Dodging
 33374 | Vaults:3 | 33374 ||| INVOKING Heroism.
 33543 | Vaults:3 | Identified the staff of poison "Hiakou" {rPois rF++ Stlth+}
 33789 | Vaults:3 | 33789 ||| Stepping ~*~*~tactically~*~*~ (outnumbered).
 33791 | Vaults:3 | 33791 ||| Stepping ~*~*~tactically~*~*~ (outnumbered).
 33859 | Vaults:3 | Noticed Aizul
 33860 | Vaults:3 | 33860 ||| INVOKING Heroism.
 33861 | Vaults:3 | 33861 ||| INVOKING Finesse.
 33878 | Vaults:3 | Killed Aizul
 34215 | Vaults:4 | 34215 ||| INVOKING Heroism.
 34677 | Vaults:4 | Reached skill level 22 in Fighting
 34700 | Vaults:4 | Reached XP level 20. HP: 199/200 MP: 26/26
 34798 | Vaults:4 | 34798 ||| Stepping ~*~*~tactically~*~*~ (outnumbered).
 34800 | Vaults:4 | 34800 ||| Stepping ~*~*~tactically~*~*~ (outnumbered).
 34802 | Vaults:4 | 34802 ||| Stepping ~*~*~tactically~*~*~ (outnumbered).
 34804 | Vaults:4 | 34804 ||| Stepping ~*~*~tactically~*~*~ (outnumbered).
 34806 | Vaults:4 | 34806 ||| Stepping ~*~*~tactically~*~*~ (outnumbered).
 34815 | Vaults:4 | Reached ****** piety under Okawaru
 34901 | Vaults:4 | 34901 ||| Stepping ~*~*~tactically~*~*~ (outnumbered).
 34954 | Vaults:4 | 34954 ||| INVOKING Heroism.
 34988 | Vaults:4 | Identified the +1 hat of Hadjma {Rampage Dex+3} (Okawaru
                  | gifted it to you on level 4 of the Vaults)
 34988 | Vaults:4 | Received a gift from Okawaru
 35090 | Vaults:4 | Reached skill level 23 in Fighting
 35411 | Vaults:4 | 35411 ||| PLANNING SNAKE:4
 35411 | Vaults:4 | 35411 ||| UPGRADING to +1 hat of Hadjma {Rampage Dex+3}.
 35421 | Vaults:4 | 35421 ||| DROPPING +2 hat.
 35837 | Snake:4  | Entered Level 4 of the Snake Pit
 35918 | Snake:4  | 35918 ||| Stepping ~*~*~tactically~*~*~ (outnumbered).
 35920 | Snake:4  | 35920 ||| Stepping ~*~*~tactically~*~*~ (outnumbered).
 35927 | Snake:4  | 35927 ||| Stepping ~*~*~tactically~*~*~ (outnumbered).
 36055 | Snake:4  | 36055 ||| INVOKING Heroism.
 36086 | Snake:4  | 36086 ||| INVOKING Heroism.
 36335 | Snake:4  | 36335 ||| Stepping ~*~*~tactically~*~*~ (outnumbered).
 36341 | Snake:4  | 36341 ||| Stepping ~*~*~tactically~*~*~ (outnumbered).
 36446 | Snake:4  | 36446 ||| INVOKING Heroism.
 36456 | Snake:4  | Reached skill level 24 in Fighting
 36456 | Snake:4  | HP: 37/206 [nagaraja/+0 club (18)]
 36457 | Snake:4  | 36457 ||| READING 8 scrolls of teleportation.
 36458 | Snake:4  | 36458 ||| DRINKING potion of heal wounds.
 36839 | Snake:4  | 36839 ||| Stepping ~*~*~tactically~*~*~ (outnumbered).
 36988 | Snake:4  | 36988 ||| Stepping ~*~*~tactically~*~*~ (outnumbered).
 36990 | Snake:4  | 36990 ||| Stepping ~*~*~tactically~*~*~ (outnumbered).
 36992 | Snake:4  | 36992 ||| Stepping ~*~*~tactically~*~*~ (outnumbered).
 36998 | Snake:4  | Received a gift from Okawaru
 37005 | Snake:4  | 37005 ||| DROPPING +0 longbow of draining.
 37007 | Snake:4  | 37007 ||| Stepping ~*~*~tactically~*~*~ (outnumbered).
 37009 | Snake:4  | 37009 ||| Stepping ~*~*~tactically~*~*~ (outnumbered).
 37011 | Snake:4  | 37011 ||| Stepping ~*~*~tactically~*~*~ (outnumbered).
 37014 | Snake:4  | 37014 ||| Stepping ~*~*~tactically~*~*~ (outnumbered).
 37053 | Snake:4  | Got a serpentine rune of Zot
 37054 | Snake:4  | 37054 ||| DROPPING +10 arbalest "Giant's Toothpick" {speed,
                  | rElec rPois rN+ Str-5}.
 37418 | Snake:4  | 37418 ||| PLANNING DEPTHS
 37724 | Depths:1 | Entered Level 1 of the Depths
 37726 | Depths:1 | 37726 ||| Stepping ~*~*~tactically~*~*~ (outnumbered).
 37728 | Depths:1 | 37728 ||| Stepping ~*~*~tactically~*~*~ (outnumbered).
 37730 | Depths:1 | 37730 ||| Stepping ~*~*~tactically~*~*~ (outnumbered).
 37754 | Depths:1 | 37754 ||| STAIRDANCE
 37819 | Depths:1 | 37819 ||| INVOKING Finesse.
 37903 | Depths:1 | Found a gateway to Hell.
 37946 | Depths:1 | Reached skill level 25 in Fighting
 38105 | Depths:1 | Found a runed translucent door.
 38109 | Depths:1 | Noticed WeeknightWizard's ghost (veteran DEFE)
 38156 | Depths:1 | Received a gift from Okawaru
 38214 | Depths:1 | Reached XP level 21. HP: 217/217 MP: 27/27
 38263 | Depths:1 | Found a glowing silver altar of Zin.
 38310 | Depths:1 | Found a portal to a secret trove of treasure.
 38318 | Depths:1 | 38318 ||| INVOKING Heroism.
 38320 | Depths:1 | 38320 ||| INVOKING Finesse.
 38434 | Depths:1 | Found a one-way gateway to a ziggurat.
 38835 | Depths:2 | Noticed Grunn
 38836 | Depths:2 | 38836 ||| INVOKING Heroism.
 38837 | Depths:2 | 38837 ||| INVOKING Finesse.
 38844 | Depths:2 | Identified the +0 kite shield of the Sea {Dex+5 Stlth+}
                  | (Okawaru gifted it to you on level 2 of the Depths)
 38844 | Depths:2 | Received a gift from Okawaru
 38871 | Depths:2 | Killed Grunn
 38969 | Depths:2 | 38969 ||| INVOKING Finesse.
 39056 | Depths:2 | Noticed a caustic shrike
 39058 | Depths:2 | 39058 ||| INVOKING Heroism.
 39059 | Depths:2 | 39059 ||| INVOKING Finesse.
 39063 | Depths:2 | Killed a caustic shrike
 39064 | Depths:2 | Reached skill level 26 in Fighting
 39090 | Depths:2 | 39090 ||| INVOKING Heroism.
 39264 | Depths:2 | Found Gaqud's Antique Armour Emporium.
 39345 | Depths:2 | 39345 ||| INVOKING Finesse.
 39375 | Depths:2 | 39375 ||| Stepping ~*~*~tactically~*~*~ (outnumbered).
 39380 | Depths:2 | 39380 ||| Stepping ~*~*~tactically~*~*~ (outnumbered).
 39405 | Depths:2 | Reached skill level 15 in Armour
 39444 | Depths:2 | 39444 ||| INVOKING Heroism.
 39445 | Depths:2 | 39445 ||| INVOKING Finesse.
 39518 | Depths:2 | 39518 ||| Stepping ~*~*~tactically~*~*~ (outnumbered).
 39658 | Depths:2 | Found a one-way gate to the infinite horrors of the Abyss.
 39667 | Depths:2 | 39667 ||| Stepping ~*~*~tactically~*~*~ (outnumbered).
 39673 | Depths:2 | 39673 ||| INVOKING Finesse.
 39921 | Depths:2 | 39921 ||| Stepping ~*~*~tactically~*~*~ (outnumbered).
 39923 | Depths:2 | 39923 ||| Stepping ~*~*~tactically~*~*~ (outnumbered).
 39942 | Depths:2 | 39942 ||| INVOKING Heroism.
 40026 | Depths:2 | Found a one-way gate leading to the halls of Pandemonium.
 40055 | Depths:2 | 40055 ||| DROPPING +6 ring of strength.
 40106 | Depths:3 | 40106 ||| INVOKING Heroism.
 40109 | Depths:3 | 40109 ||| Stepping ~*~*~tactically~*~*~ (outnumbered).
 40112 | Depths:3 | 40112 ||| Stepping ~*~*~tactically~*~*~ (outnumbered).
 40113 | Depths:3 | 40113 ||| Stepping ~*~*~tactically~*~*~ (outnumbered).
 40115 | Depths:3 | 40115 ||| Stepping ~*~*~tactically~*~*~ (outnumbered).
 40121 | Depths:3 | You fall into a shaft and drop 1 floor!
 40121 | Depths:4 | Entered Level 4 of the Depths
 40121 | Depths:4 | Found Rituuhib's Assorted Antiques.
 40121 | Depths:4 | Found Joanica Nici's General Store.
 40121 | Depths:4 | Found Alimuss's Assorted Antiques.
 40160 | Depths:4 | Found Woen's Jewellery Shoppe.
 40164 | Depths:4 | 40164 ||| BUYING ring "Raomi" {rN+ Will+++ Int-2 Dex+3
                  | SInv} (1013 gold).
 40164 | Depths:4 | Bought the ring "Raomi" {rN+ Will+++ Int-2 Dex+3 SInv} for
                  | 1013 gold pieces
 40167 | Depths:4 | 40167 ||| BUYING potion of curing (150 gold).
 40167 | Depths:4 | Bought a potion of curing for 150 gold pieces
 40167 | Depths:4 | 40167 ||| BUYING potion of haste (500 gold).
 40167 | Depths:4 | Bought a potion of haste for 500 gold pieces
 40167 | Depths:4 | 40167 ||| SHOPLISTING scroll of teleportation (150 gold,
                  | have 115).
 40170 | Depths:4 | 40170 ||| BUYING potion of heal wounds (110 gold).
 40170 | Depths:4 | Bought a potion of heal wounds for 110 gold pieces
 40170 | Depths:4 | 40170 ||| SHOPLISTING potion of mutation (176 gold, have
                  | 5).
 40170 | Depths:4 | 40170 ||| SHOPLISTING scroll of enchant armour (165 gold,
                  | have 5).
 40180 | Depths:4 | 40180 ||| INVOKING Heroism.
 40194 | Depths:4 | Reached skill level 27 in Fighting
 40210 | Depths:4 | 40210 ||| INVOKING Heroism.
 40222 | Depths:4 | HP: 56/224 [spriggan berserker/+0 flail of protection (21)]
 40223 | Depths:4 | 40223 ||| READING 8 scrolls of teleportation.
 40224 | Depths:4 | 40224 ||| DRINKING potion of heal wounds.
 40228 | Depths:4 | 40228 ||| READING 7 scrolls of teleportation.
 40252 | Depths:4 | 40252 ||| READING 6 scrolls of teleportation.
 40290 | Depths:4 | 40290 ||| INVOKING Heroism.
 40368 | Depths:4 | 40368 ||| INVOKING Heroism.
 40383 | Depths:4 | 40383 ||| INVOKING Heroism.
 40499 | Depths:4 | 40499 ||| INVOKING Heroism.
 40599 | Depths:4 | 40599 ||| INVOKING Heroism.
 40768 | Depths:4 | 40768 ||| INVOKING Heroism.
 40799 | Depths:4 | 40799 ||| INVOKING Heroism.
 40843 | Depths:4 | Found a hide-covered altar of Uskayaw.
 40872 | Depths:3 | 40872 ||| INVOKING Heroism.
 40878 | Depths:3 | 40878 ||| Stepping ~*~*~tactically~*~*~ (outnumbered).
 40885 | Depths:3 | Reached XP level 22. HP: 191/233 MP: 29/29
 40912 | Depths:3 | 40912 ||| INVOKING Finesse.
 40923 | Depths:3 | 40923 ||| INVOKING Heroism.
 41182 | Depths:3 | Found a sparkling altar of Nemelex Xobeh.
 41221 | Depths:3 | Noticed Vv
 41221 | Depths:3 | 41221 ||| DRINKING potion of resistance.
 41222 | Depths:3 | 41222 ||| INVOKING Heroism.
 41229 | Depths:3 | 41229 ||| Stepping ~*~*~tactically~*~*~ (outnumbered).
 41233 | Depths:3 | Noticed Sojobo
 41237 | Depths:3 | 41237 ||| Stepping ~*~*~tactically~*~*~ (outnumbered).
 41239 | Depths:3 | 41239 ||| Stepping ~*~*~tactically~*~*~ (outnumbered).
 41247 | Depths:3 | Killed Vv
 41248 | Depths:3 | Reached skill level 18 in Armour
 41249 | Depths:3 | 41249 ||| Stepping ~*~*~tactically~*~*~ (outnumbered).
 41260 | Depths:3 | 41260 ||| INVOKING Heroism.
 41263 | Depths:3 | HP: 43/233 [stone giant (17)]
 41264 | Depths:3 | 41264 ||| READING 5 scrolls of teleportation.
 41266 | Depths:3 | Slain by a tengu reaver

Levels and vault maps discovered:
D:1:      psy_arrival_conway, layout_loops_ring
D:2:      layout_basic, basic_altar
D:3:      layout_loops_ring, serial_shops, shop, shop, nicolae_shop_peninsula,
          shop
D:4:      gammafunk_wand_slinger, layout_basic, gammafunk_ghost_necromancy,
          nicolae_shop_clearance
D:5:      layout_loops_ring, grunt_gozag_breadcrumbs, roderic_st_hans_cross,
          chequers_serial_rivers_room_b
D:6:      layout_gridville, mainiacjoe_overflow_swirl,
          minmay_temple_entry_poolview, serial_shops, shop
D:7:      layout_basic, minmay_manual_moon
D:8:      layout_basic, gammafunk_temple_overflow_wave, serial_shops,
          nicolae_shop_tiny_waterfront, enter_bailey_7, water_maze_lemuel,
          uniq_erica
D:9:      layout_basic, lair_entry_dummy, uniq_harold
D:10:     layout_basic
D:11:     layout_small_grid
D:12:     layout_rooms, minmay_orc_entry_temple_small,
          nrook_guardian_serpent_ordinary, uniq_jorgrun
D:13:     layout_loops_ring, gauntlet_entry_generic
D:14:     layout_basic, skrybe_vaults_entry_preservation, chequers_big_river,
          minmay_fractal_squares_diagonal_5, uniq_agnes
D:15:     grunt_enter_depths_magical_seal, layout_grid_maze, minivault_4
Temple:   hellmonk_temple_divided_pantheon
Lair:1:   layout_chaotic_city, dreamdust_mushroom_princess
Lair:2:   layout_roguey, ldierk_geyser, minmay_holes,
          hangedman_lair_unloving_vines
Lair:3:   layout_hall_layers, minmay_shoals_entry_lonely_mermaid,
          minmay_snake_entry_guardpost_medium, basic_altar,
          roderic_carrion_pond, uniq_nergalle
Lair:4:   layout_regular_city, nicolae_volcano_entry_two_sided,
          lemuel_fruit_tree, uniq_urug
Lair:5:   gammafunk_lair_ancient_temple, layout_hall_layers, slime_entry_1,
          nicolae_lair_grazing_beasts [nicolae_sub_lair_graze_edge,
          nicolae_sub_lair_graze_edge, nicolae_sub_lair_graze_edge,
          nicolae_sub_lair_graze_edge]
Shoals:1: layout_shoals
Shoals:2: layout_shoals, serial_shops, shop, nicolae_shoals_pincushion_passage
Shoals:3: cheibrodos_shoals_baths, layout_shoals, ebering_ghost_davey_jones,
          st_cyclops, uniq_ilsuiw
Shoals:4: shoals_end_simple, layout_shoals, serial_shops,
          nicolae_shop_rolling_square
Snake:1:  layout_rooms, ebering_ghost_reflecting_pool
Snake:2:  layout_grid_maze, nicolae_integral_box, uniq_asterion
Snake:3:  layout_onion
Snake:4:  grunt_snake_rune_pools, layout_cave_town,
          nicolae_snake_gridmaze_entwining
Orc:1:    layout_caves, basic_altar, statue_in_the_mist_lemuel
Orc:2:    grunt_orc_tribal_feast, layout_caves, basic_altar, serial_shops, shop,
          david_defended_altar_orc, uniq_donald
Vaults:1: grunt_vaults_funnel, st_octagons_1, hangedman_vaults_nails,
          nicolae_vaults_shelves_hall, v_misc_30,
          nicolae_vaults_little_squares_6, vaults_mumra_minichess,
          layout_vaults_omnicross
Vaults:2: v_pattern_5, hangedman_vaults_cutoff,
          minmay_crypt_entry_simple_statues,
          nicolae_vaults_windows_and_doors_thing,
          ontoclasm_vaults_claustrophobia, grunt_vaults_twisty,
          nicolae_vaults_storage_closets_1, vaults_room_pool,
          hangedman_vaults_slice, layout_vaults_big_room
Vaults:3: nicolae_vaults_closet_pinwheel_2, v_alt_pattern_2,
          nicolae_vaults_ring_of_whatevers, hangedman_vaults_capsules,
          nicolae_vaults_six-pack, nicolae_vaults_shipping_containers_7,
          dpeg_vaults_monster_box, layout_vaults_quadrants, uniq_margery,
          uniq_aizul
Vaults:4: ontoclasm_vaults_ring_square, nicolae_vaults_trapezoid_lopsided_1,
          grunt_vaults_swirl, hangedman_vaults_locks,
          nicolae_vaults_double_plus_1, nicolae_vaults_spaceships, v_misc_30,
          hangedman_vaults_snaps, vaults_room_grid, vaults_room_fours,
          nicolae_vaults_house_3, v_misc_24, layout_vaults_ring
Depths:1: layout_cave_shapes, enter_ziggurat_f, hangedman_coc_ice_floe,
          muffindrake_ghost_three_little_ghosts, enter_trove_0,
          minmay_misc_feat_square, zin_statuary
Depths:2: nzn_winding_woodlands_cross [nzn_winding_woodlands_5x15_default,
          nzn_winding_woodlands_5x15_pockets,
          nzn_winding_woodlands_5x15_longhouse,
          nzn_winding_woodlands_5x15_jagged,
          nzn_winding_woodlands_15x15_boxy_spiral], layout_cave_shapes,
          serial_shops, shop, hell_entry, rand_demon_pan_entry_8,
          abyss_entry_glasseish, ice2_lemuel, uniq_grunn
Depths:3: minmay_the_grid_octo_tiled_octocenter_mashed
          [minmay_the_grid_octo_tetromino_candy,
          minmay_the_grid_octo_thin_diamonds, minmay_the_grid_octo_toaster,
          minmay_the_grid_octo_horde,
          minmay_the_grid_octo_prize_ultimate_mussel_roller,
          minmay_the_grid_square_5x5_seven, minmay_the_grid_square_5x5_minibox,
          minmay_the_grid_square_5x5_six_small,
          minmay_the_grid_square_5x5_mess], layout_cave_shapes, abyss_entry,
          pf_hell_entry_tar_spiral, nemelex_xobeh_ov_fountains_minmay,
          uniq_sojobo, uniq_vv
Depths:4: evilmike_zot_entry_basic, layout_cave_pools,
          nicolae_uskayaw_en_pointe, hell_entry, ebering_ghost_rock_garden,
          abyss_entry_flame_altar, serial_shops, nicolae_shop_crystal,
          minmay_shoptagon

Skill      XL: |  1  2  3  4  5  6  7  8  9 10 11 12 13 14 15 16 17 18 19 20 21 22 |
---------------+-------------------------------------------------------------------+-----
Ranged Weapons | 5 6 7 8 9 10 12 14 16 18 19 22 | 22.0
Fighting       | 3 4 5 6 7 9 10 11 13 14 16 17 19 20 21 22 25 27 | 27.0
Armour         | 1 3 5 7 9 10 11 12 14 16 18 | 18.3
Dodging        | 3 5 6 7 8 12 14 15 16 19 22 | 22.0
Invocations    | 4 6 9 10 11 | 11.1
Stealth        | |  0.7

Action                     |  1- 3 |  4- 6 |  7- 9 | 10-12 | 13-15 | 16-18 | 19-21 | 22-24 || total
---------------------------+-------+-------+-------+-------+-------+-------+-------+-------++-------
   Fire: Shortbow          |   133 |   134 |   189 |    20 |     6 |       |       |       ||   482
         Orcbow            |       |       |   116 |   835 |   984 |       |       |       ||  1935
         Arbalest          |       |       |       |       |   365 |   354 |       |       ||   719
         Longbow           |       |       |       |       |       |   328 |       |       ||   328
         Triple crossbow   |       |       |       |       |       |   813 |  1205 |    82 ||  2100
 Invoke: Heroism           |       |       |    11 |    42 |    30 |    36 |    26 |     3 ||   148
         Finesse           |       |       |       |       |     2 |     5 |    10 |     1 ||    18
    Use: Scroll            |     1 |     6 |     6 |    11 |     9 |     9 |     4 |     1 ||    47
         Potion            |       |     3 |     6 |     3 |     5 |     4 |     3 |     1 ||    25
 Armour: Leather armour    |    14 |     5 |       |       |       |       |       |       ||    19
         Ring mail         |       |     9 |    30 |   208 |   325 |   234 |   133 |    34 ||   973
         Steam dragon scal |       |       |    21 |       |       |       |       |       ||    21
  Dodge: Dodged            |    53 |    30 |   123 |   404 |   875 |   971 |  1252 |   354 ||  4062
  Block: Other             |       |       |       |       |    86 |   186 |   174 |    42 ||   488
         Reflection        |       |       |       |       |       |    26 |    16 |       ||    42

Table legend:
 A = Non-vault XP
 B = Vault XP
 C = Vault XP percentage of total XP
 D = Non-vault monster count
 E = Vault monster count
 F = Vault count percentage of total count
                 A         B        C        D         E       F
            +---------+---------+-------+---------+---------+-------
      Total |  459208 |  251326 |  35.4 |    1097 |     395 |  26.5
            +---------+---------+-------+---------+---------+-------
        D:1 |      53 |       0 |   0.0 |      29 |       0 |   0.0
        D:2 |      54 |       0 |   0.0 |      21 |       0 |   0.0
        D:3 |      84 |       0 |   0.0 |      12 |       0 |   0.0
        D:4 |     257 |       0 |   0.0 |      22 |       0 |   0.0
        D:5 |     657 |       0 |   0.0 |      18 |       0 |   0.0
        D:6 |     892 |       0 |   0.0 |      20 |       0 |   0.0
        D:7 |    1109 |     678 |  37.9 |      28 |       6 |  17.6
        D:8 |    1092 |     851 |  43.8 |      25 |       5 |  16.7
        D:9 |    2528 |     868 |  25.6 |      14 |       1 |   6.7
       D:10 |    1545 |       0 |   0.0 |      21 |       0 |   0.0
       D:11 |    5434 |       0 |   0.0 |      15 |       0 |   0.0
       D:12 |    3381 |    2578 |  43.3 |       8 |      12 |  60.0
       D:13 |    9085 |       0 |   0.0 |      16 |       0 |   0.0
       D:14 |   13174 |    8821 |  40.1 |      32 |      15 |  31.9
       D:15 |    7262 |    3686 |  33.7 |      17 |       8 |  32.0
     Lair:1 |    7564 |       0 |   0.0 |      30 |       0 |   0.0
     Lair:2 |    5926 |       0 |   0.0 |      23 |       0 |   0.0
     Lair:3 |    4920 |    2408 |  32.9 |      13 |      12 |  48.0
     Lair:4 |    5095 |    1004 |  16.5 |      20 |       2 |   9.1
     Lair:5 |   10997 |    7436 |  40.3 |      46 |      19 |  29.2
   Shoals:1 |    9304 |       0 |   0.0 |      20 |       0 |   0.0
   Shoals:2 |   18227 |    8006 |  30.5 |      36 |      10 |  21.7
   Shoals:3 |   17695 |    9471 |  34.9 |      37 |      18 |  32.7
   Shoals:4 |   17141 |   18012 |  51.2 |      37 |      31 |  45.6
    Snake:1 |    8225 |       0 |   0.0 |      21 |       0 |   0.0
    Snake:2 |   12910 |    1607 |  11.1 |      29 |       1 |   3.3
    Snake:3 |   12112 |       0 |   0.0 |      30 |       0 |   0.0
    Snake:4 |   26360 |   24450 |  48.1 |      58 |      38 |  39.6
      Orc:1 |    1928 |       0 |   0.0 |      26 |       0 |   0.0
      Orc:2 |    2903 |    8843 |  75.3 |      25 |      34 |  57.6
   Vaults:1 |   28066 |   22548 |  44.5 |      42 |      29 |  40.8
   Vaults:2 |   27165 |   30307 |  52.7 |      47 |      44 |  48.4
   Vaults:3 |   24987 |   30371 |  54.9 |      41 |      37 |  47.4
   Vaults:4 |   33192 |   17498 |  34.5 |      50 |      22 |  30.6
   Depths:1 |   36251 |       0 |   0.0 |      46 |       0 |   0.0
   Depths:2 |   49072 |   26924 |  35.4 |      62 |      30 |  32.6
   Depths:3 |   31466 |   15559 |  33.1 |      34 |      14 |  29.2
   Depths:4 |   21095 |    9400 |  30.8 |      26 |       7 |  21.2
            +---------+---------+-------+---------+---------+-------
